Workbook
Name 宾馆餐饮_服务_后勤类: #REF!
Name 财务_金融类: #REF!
Name 电力_能源: #REF!
Name 电气: #REF!
Name 电子_半导体_电器_仪表: #REF!
Name 法律: #REF!
Name 翻译: #REF!
Name 房产_物业类: #REF!
Name 飞行器设计与制造: #REF!
Name 锅炉操作工_建筑: #REF!
Name 行政_人力资源类: #REF!
Name 航空乘务: #REF!
Name 化工: #REF!
Name 环保: #REF!
Name 机关_学生类: #REF!
Name 机械: #REF!
Name 计算机_网络_通信类: #REF!
Name 技工_普工类: #REF!
Name 建筑_装修_市政类: #REF!
Name 交通运输类: #REF!
Name 教育_培训类: #REF!
Name 经营管理: #REF!
Name 客服_技术支持: #REF!
Name 贸易_采购: #REF!
Name 美容_健身: #REF!
Name 模具_刀具_手版制作: #REF!
Name 农机修理工_农林牧渔: #REF!
Name 农林渔牧类: #REF!
Name 其他宾馆餐饮_服务_后勤类: #REF!
Name 其他财务_金融类: #REF!
Name 其他电力_能源: #REF!
Name 其他法律: #REF!
Name 其他翻译: #REF!
Name 其他房产_物业类: #REF!
Name 其他行政_人力资源类: #REF!
Name 其他环保: #REF!
Name 其他机关单位_学生类: #REF!
Name 其他机械: #REF!
Name 其他技工_普工: #REF!
Name 其他教育_培训类: #REF!
Name 其他经营管理: #REF!
Name 其他客服_技术支持: #REF!
Name 其他类: #REF!
Name 其他贸易_采购: #REF!
Name 其他商超_百货_零售: #REF!
Name 其他物流_仓储类: #REF!
Name 其他证券_金融_投资_银行: #REF!
Name 其他咨询: #REF!
Name 汽车_飞机_船舶_列车: #REF!
Name 汽车电子工程师: #REF!
Name 商超_百货_零售: #REF!
Name 设计_广告_媒体: #REF!
Name 生产经理_主管: #REF!
Name 市场营销类: #REF!
Name 水处理: #REF!
Name 涂装工_机电: #REF!
Name 舞蹈教师: #REF!
Name 舞台设计: #REF!
Name 物流_仓储类: #REF!
Name 销售主管: #REF!

Sheet 企业信息表
A1: 2026年湖南工会“春送岗位”就业服务月启动仪式暨工会就业服务进校园专场 招聘会企业信息表
A2: 序号 | B2: 公司名称（全称） | C2: 职位名称 | D2: 薪资待遇 | E2: 岗位数 | F2: 招聘人数 | G2: 邀请单位
A3: =MAX($A$2:A2)+1 -> 1 | B3: 老百姓大药房连锁股份有限公司 | C3: 客服专员 | D3: 3000-4000元/月 | E3: 5 | F3: 1 | G3: 省直工委
C4: 财务经理 | D4: 8000-12000元/月 | F4: 1 | G4: 省直
C5: 应收会计 | D5: 4000-6000元/月 | F5: 1 | G5: 省直
C6: 执业药师 | D6: 5000-8000元/月 | F6: 若干 | G6: 省直
C7: 储备店长 | D7: 5000-8000元/月 | F7: 若干 | G7: 省直
A8: =MAX($A$2:A7)+1 -> 2 | B8: 三一集团重卡事业部 | C8: 营销管培生 | D8: 8000-10000元/月 | E8: 1 | F8: 20 | G8: 省直工委
A9: =MAX($A$2:A8)+1 -> 3 | B9: 中建智慧城市服务有限公司 | C9: 安全班长 | E9: 6 | F9: 2 | G9: 省直
C10: 安全员 | F10: 25 | G10: 省直
C11: 厨师 | F11: 2 | G11: 省直
C12: 工程班长 | F12: 2 | G12: 省直
C13: 工程维修员 | F13: 3 | G13: 省直
C14: 客服管家 | F14: 4 | G14: 省直
A15: =MAX($A$2:A14)+1 -> 4 | B15: 中国平安财产保险股份有限公司湖南分公司 | C15: 数据管培生 | E15: 4 | G15: 省直
C16: 精算管培生 | G16: 省直
C17: 能源三电管培生 | G17: 省直
C18: 理赔管培生 | G18: 省直
A19: =MAX($A$2:A18)+1 -> 5 | B19: 中国平安人寿保险股份有限公司湖南分公司 | C19: NS管培生（培训管理） | E19: 9 | G19: 省直
C20: NS管培生（营销策划） | G20: 省直
C21: NS管培生（营销管理） | G21: 省直
C22: NS管培生（经营分析） | G22: 省直
C23: NS管培生（核保核赔） | G23: 省直
C24: NS管培生（消费者权益） | G24: 省直
C25: NS管培生（财务管理） | G25: 省直
C26: NS管培生（行政管理） | G26: 省直
C27: NS管培生（法律合规） | G27: 省直
A28: =MAX($A$2:A27)+1 -> 6 | B28: 湖南省茶业集团股份有限公司 | C28: 茶叶工程师 | E28: 5 | G28: 省直
C29: 外销员 | G29: 省直
C30: 跨境电商运营助理 | G30: 省直
C31: 信息化专员 | G31: 省直
C32: 质量认证专员 | G32: 省直
A33: =MAX($A$2:A32)+1 -> 7 | B33: 湖南嘉合晟贸易有限公司 | C33: 业务经理 | E33: 2 | G33: 省直
C34: 业务内勤 | G34: 省直
A35: =MAX($A$2:A34)+1 -> 8 | B35: 湖南农发金健国际贸易股份有限公司 | C35: 业务经理 | E35: 1 | G35: 省直
A36: =MAX($A$2:A35)+1 -> 9 | B36: 华声在线股份有限公司 | C36: 法务 | E36: 1 | G36: 省直
A37: =MAX($A$2:A36)+1 -> 10 | B37: 湖南医药集团中药材有限公司 | C37: 业务内勤 | E37: 1 | G37: 省直
A38: =MAX($A$2:A37)+1 -> 11 | B38: 湖南医药集团常德分公司 | C38: 业务内勤 | E38: 1 | G38: 省直
A39: =MAX($A$2:A38)+1 -> 12 | B39: 长沙市云研教育科技有限公司 | C39: 集装箱业务员 | D39: 5000-7000元/月 | E39: 1 | F39: 30 | G39: 林科大
A40: =MAX($A$2:A39)+1 -> 13 | B40: 湖南逸星文化传媒有限公司 | C40: 不露脸电台歌手 | D40: 5000-10000元/月 | E40: 2 | F40: 10 | G40: 林科大
B41: 湖南逸星文化传媒有限公司 | C41: 经纪人 | D41: 5000-8000元/月 | F41: 3 | G41: 林科大
A42: =MAX($A$2:A41)+1 -> 14 | B42: 湖南顺丰速运有限公司 | C42: 中转管理储备 | D42: 7000-12000元/月 | E42: 4 | F42: 10 | G42: 林科大
B43: 湖南顺丰速运有限公司 | C43: 市场销售储备（客户经理） | D43: 10000-15000元/月 | F43: 10 | G43: 林科大
B44: 湖南顺丰速运有限公司 | C44: 新鹰计划—管培生实习项目（可转正） | D44: 4000-6000元/月 | F44: 50 | G44: 林科大
B45: 湖南顺丰速运有限公司 | C45: 经营管理储备干部（管培生） | D45: 10000-15000元/月 | F45: 50 | G45: 林科大
A46: =MAX($A$2:A45)+1 -> 15 | B46: 湖南伍爱创意文化科技有限公司 | C46: 管培生 | D46: 4000-7000元/月 | E46: 1 | F46: 20 | G46: 林科大
A47: =MAX($A$2:A46)+1 -> 16 | B47: 十足集团有限公司 | C47: 会 计 | D47: 6000-8000元/月 | E47: 4 | F47: 2 | G47: 林科大
B48: 十足集团有限公司 | C48: 储备干部 | D48: 5000-6000元/月 | F48: 20 | G48: 林科大
B49: 十足集团有限公司 | C49: 区域指导员 | D49: 6000-7000元/月 | F49: 20 | G49: 林科大
B50: 十足集团有限公司 | C50: 物流工程师 | D50: 6000-7000元/月 | F50: 15 | G50: 林科大
A51: =MAX($A$2:A50)+1 -> 17 | B51: 湖南鼎峰相见信息科技有限公司 | C51: 伴学教练 | D51: 5000-7000元/月 | E51: 3 | F51: 20 | G51: 林科大
B52: 湖南鼎峰相见信息科技有限公司 | C52: 总经理助理 | D52: 7000-10000元/月 | F52: 5 | G52: 林科大
B53: 湖南鼎峰相见信息科技有限公司 | C53: 行政助理 | D53: 6000-8000元/月 | F53: 10 | G53: 林科大
A54: =MAX($A$2:A53)+1 -> 18 | B54: 深圳市沃尔核材股份有限公司 | C54: 外贸业务 | D54: 7000-9000元/月 | E54: 6 | F54: 5 | G54: 林科大
B55: 深圳市沃尔核材股份有限公司 | C55: 外贸销售工程师 | D55: 6000-7000元/月 | F55: 15 | G55: 林科大
B56: 深圳市沃尔核材股份有限公司 | C56: 客服专员 | D56: 6000-7000元/月 | F56: 5 | G56: 林科大
B57: 深圳市沃尔核材股份有限公司 | C57: 生产管培生 | D57: 6000-11000元/月 | F57: 5 | G57: 林科大
B58: 深圳市沃尔核材股份有限公司 | C58: 销售助理 | D58: 6000-7000元/月 | F58: 5 | G58: 林科大
B59: 深圳市沃尔核材股份有限公司 | C59: 销售工程师 | D59: 6000-8000元/月 | F59: 35 | G59: 林科大
A60: =MAX($A$2:A59)+1 -> 19 | B60: 湖南巧学到家信息科技有限公司 | C60: 总经理秘书、办公室副主任/秘书、人事经理秘书 | D60: 5000-10000元/月 | E60: 2 | F60: 6 | G60: 林科大
B61: 湖南巧学到家信息科技有限公司 | C61: 管理型储备人才 | D61: 5000-10000元/月 | F61: 30 | G61: 林科大
A62: =MAX($A$2:A61)+1 -> 20 | B62: 长沙市芙蓉区金煌建筑装饰设计工程有限公司 | C62: 储备干部 | D62: 5000-6000元/月 | E62: 3 | F62: 10 | G62: 林科大
B63: 长沙市芙蓉区金煌建筑装饰设计工程有限公司 | C63: 家装顾问 | D63: 5000-8000元/月 | F63: 15 | G63: 林科大
B64: 长沙市芙蓉区金煌建筑装饰设计工程有限公司 | C64: 设计师助理 | D64: 4000元/月 | F64: 10 | G64: 林科大
A65: =MAX($A$2:A64)+1 -> 21 | B65: 正大卜蜂食品（湖南）有限公司 | C65: B2B销售管培生 | D65: 5000-8000元/月 | E65: 8 | F65: 50 | G65: 林科大
B66: 正大卜蜂食品（湖南）有限公司 | C66: FLP管理培训生 | D66: 8000-13000元/月 | F66: 30 | G66: 林科大
B67: 正大卜蜂食品（湖南）有限公司 | C67: 人力管理类 | D67: 6000-9000元/月 | F67: 5 | G67: 林科大
B68: 正大卜蜂食品（湖南）有限公司 | C68: 总经办秘书 | D68: 5000-6000元/月 | F68: 2 | G68: 林科大
B69: 正大卜蜂食品（湖南）有限公司 | C69: 电商管理类 | D69: 5000-9000元/月 | F69: 10 | G69: 林科大
B70: 正大卜蜂食品（湖南）有限公司 | C70: 财务管理类 | D70: 6000-8000元/月 | F70: 5 | G70: 林科大
B71: 正大卜蜂食品（湖南）有限公司 | C71: 门店经理 | D71: 4000-6000元/月 | F71: 10 | G71: 林科大
B72: 正大卜蜂食品（湖南）有限公司 | C72: 零售运营管培生 | D72: 4000-8000元/月 | F72: 10 | G72: 林科大
A73: =MAX($A$2:A72)+1 -> 22 | B73: 中信证券股份有限公司湖南分公司 | C73: 2026届校招培训生 | D73: 6000-10000元/月 | E73: 1 | F73: 30 | G73: 林科大
A74: =MAX($A$2:A73)+1 -> 23 | B74: 健萌体育产业发展集团有限公司 | C74: 健身教练（五险一金+无业绩压力） | D74: 4000-9000元/月 | E74: 1 | F74: 10 | G74: 林科大
A75: =MAX($A$2:A74)+1 -> 24 | B75: 招商银行股份有限公司长沙分行 | C75: 定向培养生 | D75: 9000-10000元/月 | E75: 4 | F75: 10 | G75: 林科大
B76: 招商银行股份有限公司长沙分行 | C76: 市场营销岗 | D76: 8000-10000元/月 | F76: 100 | G76: 林科大
B77: 招商银行股份有限公司长沙分行 | C77: 综合培养生 | D77: 8000-10000元/月 | F77: 30 | G77: 林科大
B78: 招商银行股份有限公司长沙分行 | C78: 运营柜员岗 | D78: 8000-10000元/月 | F78: 40 | G78: 林科大
A79: =MAX($A$2:A78)+1 -> 25 | B79: 人本股份有限公司 | C79: 机械工程 | D79: 7000-9000元/月 | E79: 12 | F79: 5 | G79: 林科大
B80: 人本股份有限公司 | C80: 车辆工程 | D80: 7000-9000元/月 | F80: 5 | G80: 林科大
B81: 人本股份有限公司 | C81: 机械电子工程 | D81: 7000-9000元/月 | F81: 3 | G81: 林科大
B82: 人本股份有限公司 | C82: 机械设计制造及其自动化 | D82: 7000-9000元/月 | F82: 3 | G82: 林科大
B83: 人本股份有限公司 | C83: 材料科学与工程 | D83: 7000-9000元/月 | F83: 4 | G83: 林科大
B84: 人本股份有限公司 | C84: 设备工程师 | D84: 7000-9000元/月 | F84: 10 | G84: 林科大
B85: 人本股份有限公司 | C85: 机械设计制造类 | D85: 6000-8000元/月 | F85: 1 | G85: 林科大
B86: 人本股份有限公司 | C86: 机械设计制造及自动化 | D86: 6000-8000元/月 | F86: 1 | G86: 林科大
B87: 人本股份有限公司 | C87: 材料成型及控制工程 | D87: 6000-8000元/月 | F87: 1 | G87: 林科大
B88: 人本股份有限公司 | C88: 自动化类 | D88: 6000-8000元/月 | F88: 1 | G88: 林科大
B89: 人本股份有限公司 | C89: 电气工程及自动化 | D89: 6000-8000元/月 | F89: 1 | G89: 林科大
B90: 人本股份有限公司 | C90: 销售工程师 | D90: 7000-10000元/月 | F90: 10 | G90: 林科大
A91: =MAX($A$2:A90)+1 -> 26 | B91: 双胞胎（集团）股份有限公司 | C91: 机电工程师 | D91: 9000-12000元/月 | E91: 3 | F91: 10 | G91: 林科大
B92: 双胞胎（集团）股份有限公司 | C92: 生猪销售岗 | D92: 7000-11000元/月 | F92: 10 | G92: 林科大
B93: 双胞胎（集团）股份有限公司 | C93: 饲料生产技术岗 | D93: 9000-12000元/月 | F93: 20 | G93: 林科大
A94: =MAX($A$2:A93)+1 -> 27 | B94: 长沙市芙蓉区新东方教育培训学校有限责任公司 | C94: 学习规划师 | D94: 7000-12000元/月 | E94: 3 | F94: 30 | G94: 林科大
B95: 长沙市芙蓉区新东方教育培训学校有限责任公司 | C95: 市场专员 | D95: 7000-12000元/月 | F95: 15 | G95: 林科大
B96: 长沙市芙蓉区新东方教育培训学校有限责任公司 | C96: 高中个性化数学、物理、英语教师 | D96: 9000-12000元/月 | F96: 20 | G96: 林科大
A97: =MAX($A$2:A96)+1 -> 28 | B97: 山东仕邦农化有限公司 | C97: 产品经理助理 | D97: 6000-8000元/月 | E97: 18 | F97: 6 | G97: 林科大
C98: 农药剂型研发工程师（农学） | D98: 7000-12000元/月 | F98: 4 | G98: 林科大
C99: 农药剂型研发工程师（植物保护） | D99: 7000-12000元/月 | F99: 4 | G99: 林科大
C100: 农药剂型研发工程师（资源利用与植物保护） | D100: 7000-12000元/月 | F100: 4 | G100: 林科大
...

Sheet 岗位信息表
A1: 2026年湖南工会“春送岗位”就业服务月启动仪式暨工会就业服务进校园专场 招聘会企业岗位信息表
A2: 序号 | B2: 公司名称（全称） | C2: *公司简介 | D2: *详细地点 | E2: *职位名称 | F2: 薪资待遇 | G2: *职位描述 | H2: *招聘人数 | I2: *招聘截止日期 | J2: *联系人 | K2: *联系人手机号码 | L2: *所属行业 | M2: *新型产业链 | N2: 邀请单位
A3: =MAX($A$2:A2)+1 -> 1 | B3: 中英人寿保险有限公司湖南分公司 | C3: 中英人寿保险有限公司由中国中粮资本投资有限公司与英国英杰华集团合资组建，于2003年1月1日正式开业，目前注册资本金29.5亿元人民币。中英人寿始终坚持财务稳健和规范经营的理念，经过多年的战略布局和市场拓展，目前业务已覆盖广东、北京、四川、福建、山东、湖南、河北、江苏、厦门、辽宁、湖北、河南、黑龙江、上海、安徽、江西、陕西、深圳等18个省市，共80多个重点城市，公司规模与利润均稳居合资第一梯队。 中英人寿以Care in Every Home（关爱万家）为企业愿景，以I_C.A.R.E.（关爱）为企业文化的核心价值观，从正直与诚信（Integrity）出发演绎出团队情 (Collaboration)、行动力 (Action)、务实性 (Result-oriented)、同理心 (Empathy)的中英文化，成为企业持续、高速发展的坚实基础和源动力。 强强联手打造的中英人寿秉承英杰华集团300多年的专业保险经验，依托中粮集团的强大实力，立足于中国市场，致力于成为领先的多渠道及数字化保险公司，打造定制化产品与服务，为广大客户提供优质的寿险服务及全面的财务保障！ | D3: 湖南省长沙市天心区湘江中路二段36号华远华中心5号楼32层 | E3: 培训讲师 | F3: 6000-8000元/月 | G3: 岗位职责： 1、负责机构营销条线的夕会，启动会等各类会议的组织与主持，提升会议质量； 2、制定销售人员培训计划，开发培训课件，开展产品知识、销售技巧、合规政策等专项培训； 3、负责网点沙龙的主持主讲，大型活动的主持； 4、完成机构交办的其他任务。 岗位要求： 1、本科（含）以上，征信良好，专业不限； 2、品行端正，能吃苦耐劳，具有较强的上进心，执行力强，有良好沟通的能力； 3、掌握相关的知识与技能优先。 薪资待遇：底薪6K+绩效奖金+五险两金+节假日福利+带薪年假。 | H3: 2 | I3: 46326 | J3: 袁先生 | K3: 19974856231 | L3: 会计_金融_银行_保险 | M3: 其他 | N3: 长沙人才市场
E4: 储备干部 | F4: 4000-6000元/月 | G4: 岗位职责： 1、负责银行业务人员的辅导和培训； 2、即时与银行传达沟通公司的业务政策； 3、了解机构管理网点的市场销售信息并即时向上级反馈； 4、完成部门交办的其他任务。 岗位要求： 1、大学专科（含）以上，征信良好，专业不限； 2、品行端正，能吃苦耐劳，具有较强的上进心，执行力强，有良好沟通的能力； 3、无经验者可培养。 薪资待遇：底薪3-6k+绩效奖金+节假日福利+带薪年假（在职员工月均1w+）。 | H4: 6 | I4: 46326
E5: 渠道经理 | F5: 4000-6000元/月 | G5: 岗位职责： 1、负责对银行网点提供优质专业的服务； 2、负责培训、辅导管辖网点的银行销售人员； 3、达成公司制定的各项业绩指标。 岗位要求： 1、大学专科（含）以上，征信良好，有从业经验或优秀人员可以放宽条件，专业不限； 2、品行端正，能吃苦耐劳，具有较强的上进心，执行力强，有良好沟通的能力； 3、具有经济、金融、财税等相关知识，从事过销售工作经验的，条件优秀者可适当放宽； 4、形象好，气质佳； 5、责任心强，有团队精神。 薪资待遇：底薪3-6k+绩效奖金+节假日福利+带薪年假（在职员工月均1w+）。 | H5: 8 | I5: 46326
E6: 区域总监 | F6: 10000-20000元/月 | G6: 岗位职责： 1、负责队伍的招聘，人员管理及培训； 2、负责团队所辖网点的业务培训及服务； 3、负责团队各项指标的达成； 4、完成机构交办的其他工作。 岗位要求： 1、大学本科（含）以上，征信良好，有从业经验或优秀人员可以放宽条件，专业不限； 2、品行端正，能吃苦耐劳，具有较强的上进心，执行力强，有良好沟通的能力； 3、具有经济、金融、财税等相关知识，从事过销售工作经验的，条件优秀者可适当放宽； 4、具备一定的组织管理能力和分析解决问题能力。 薪资待遇：底薪10k及以上+绩效奖金+团队管理津贴+五险两金+节假日福利+带薪年假。 | H6: 2 | I6: 46326
A7: =MAX($A$2:A6)+1 -> 2 | B7: 湖南艾力普斯智能科技有限公司 | C7: 湖南艾力普斯智能科技有限公司，成立于2024年10月，注册资本300万元，位于长沙经济技术开发区东六路南段77号（中非总部经济大厦）。是一家以商用冷柜等酒店用品为主，可提供一站式商厨设备解决方案和服务的贸易企业。 企业优势： 湖南艾力普斯隶属湖南绿零智能科技股份有限公司（简称：绿零科技），可借助总公司优势的制造能力及品牌影响力，给客户提供优质的产品和服务。 绿零科技（股权代码：800388HN）是一家以中高端商厨风冷冷柜、冷链柜、智能冷柜、星级酒店和智能厨房设备工程解决方案为主，集科研、设计、生产、销售、贸易于一体的高新技术企业。现有员工180人，工厂占地3万平米。产品获得60项专利，并通过国内外权威认证,包括:ETL、NSF、CE、ROSH、SASO、CCC、ISO、节能认证,食品接触等各项认证。绿零是国内外知名品牌，与全球40多个国家拥有贸易往来。 | D7: 长沙经济技术开发区东六路南段77号（中非总部经济大厦） | E7: 业务经理 | F7: 6000-8000元/月 | G7: 岗位职责： 1、负责分公司的地区售前、售中及售后服务工作，并在公司的领导下完成年度销售目标； 2、维护、管理好客户关系，开发新客户，独立处理和解决销售过程中的问题并最终签约； 3、负责分管片区的市场推广，了解和发掘客户需求，能独立完成产品推介和客户培训，并向客户介绍公司产品的优势和特色； 4、了解行业动向，收集潜在客户资料和信息，参与厨房设备工程公司、设计公司、餐饮连锁总部等项目洽谈和跟进，建立顺畅的客户沟通渠道； 5、对客户提供专业的咨询，并解决客户对销售和服务当中提出的诉求。 岗位要求： 1、大专以上学历市场营销、电子商务、经济管理等，或其他理工科类专业，大学期间担任班干部和学生会、党员优先；可接受市场营销等相关专业应届毕业生，但需有实习或校园销售实战（如社团推广、兼职销售等），薪资面议，可进一步沟通； 2、有酒店设备、商用冰箱、冷库、洗碗机、炉具等行业销售经验的，并与厨房工程公司和连锁餐饮管理公司有业务往来经验者优先； 3、性格外向，反应敏捷、表达能力强，具有亲和力和较强的沟通能力； 4、具备较强的市场营销经验及渠道拓展经验，具有敏锐的市场洞察力和市场分析判断能力； 5、服务意识强，具有良好的团队合作精神和独立处事能力； 6、有责任心，为人正直，身体健康，能长期出差的人员优先考虑； 7、愿意承担工作压力和接受挑战，能适应长期出差，工作中自备车辆的者优先。 工作地点安排：北京分公司、上海分公司、广州总部、中部地区。 职位福利：无责底薪、业绩提成、五险、绩效奖金、带团队、交通补助、弹性工作、出差补贴。 | H7: 8 | I7: 46326 | J7: 王丽娟 | K7: 15116395991 | L7: 贸易_消费_制造_营运 | M7: 其他 | N7: 长沙人才市场
E8: 外贸业务员 | F8: 6000-8000元/月 | G8: 岗位要求： 1、英语口语佳，具备和客户面对面沟通谈判的能力； 2、熟悉进出口外贸订单操作流程，外贸领域专业知识扎实； 3、有外贸工作经验，或有志于在外贸行业长期发展的优先。 | H8: 5 | I8: 46326
A9: =MAX($A$2:A8)+1 -> 3 | B9: 湖南成人达己餐饮管理有限公司 | C9: 湖南成人达己餐饮管理有限公司为华莱士长沙分公司，隶属于总部位于上海的华莱士连锁餐饮体系，是深耕湖南市场的本土化餐饮运营管理企业。 公司以华莱士品牌为依托，专注西式快餐连锁运营、门店管理与市场拓展，坚持标准化出品、规范化运营，为消费者提供安全、美味、高性价比的餐饮服务。 企业使命：用心做好每一餐，温暖全球每一人 企业愿景：成为全球最值得信赖的餐饮品牌 核心价值观：顾客至上，员工为本，合作共赢，有序经营 立足长沙、辐射湖南，公司始终坚守品牌初心，以品质为根、以服务为本、以共赢为道，持续为消费者创造美好用餐体验，与员工、合作伙伴携手共进，助力华莱士品牌在区域市场稳健发展。 | D9: 湖南省长沙市开福区上城金都国际公馆20楼2023 | E9: 店长 | F9: 6000-9000元/月 | G9: 岗位职责: 1、对餐厅的QSC(品质/服务/清洁)按照标准进行管理； 2、完成餐厅开铺/打样、日清、周清、月清等日常工作流程的安排； 3、完成门店行政工作，如门店员工考勤、工资表单、商品订货等； 4、对顾客满意度和外卖平台评分关注，能灵活妥善处理客户投诉； 5、对餐厅顾客区域、生产区域、仓库等每日进行巡视，帮助餐厅问题诊断，并及时解决； 6、门店人员管理，如门店人员招聘、人员带教、人员关系维护等； 7、通过销售技巧、资源利用等，完成门店销售利润的达成。 岗位要求: 1、大专及以上学历； 2、身体状况符合国家餐饮行业要求，有健康证； 3、无不良记录和嗜好;形象气质较好，五官端正； 4、有餐饮/零售服务行业工作经验的优先。 | H9: 10 | I9: 46326 | J9: 任政 | K9: 15388908181 | L9: 服务业 | M9: 其他 | N9: 长沙人才市场
E10: 督导 | F10: 8000-10000元/月 | G10: 岗位职责： 1、门店运营管控：负责区域内门店的标准化运营巡检（每月覆盖全部管辖门店），对门店卫生、产品出品质量、设备维护、服务流程等进行全面核查，输出巡检报告并跟进整改闭环；建立QSC（质量/服务/清洁）动态评估体系，通过数据分析定位TOP3问题，协同店长制定改善方案并追踪落地效果； 2、业绩增长管理：深度调研门店商圈特征，结合线上平台（外卖/团购）与线下客群消费数据，制定精准运营策略提升单店营业额；监控门店成本结构（食材损耗/人力成本/能耗），通过SOP优化帮助门店实现利润目标达成； 3、团队建设与人才发展：搭建店长梯队培养体系，组织实施月度技能培训与考核评估，年培养储备人才≥3人；负责区域内人员岗位优化，参与人员晋升评估及员工关系管理； 4、业绩增长制定策略：管辖区域门店业绩达到华莱士全国平均水平，并且能够稳定保持，同时帮助尾部餐厅业绩达到全国平均水平。 岗位要求： 1、大专及以上学历，有连锁餐饮企业运营经验或西式快餐从业者优先； 2、精通Excel数据透视表及餐饮管理系统； 3、具备敏锐的门店诊断能力，能快速识别运营痛点并提出可行性解决方案； 4、出色的跨部门协作能力，擅长通过总部资源联动推动政策落地； 5、抗压性强，适应出差（区域内门店覆盖率达100%）。 | H10: 10 | I10: 46326
E11: 城市经理 | F11: 10000-16000元/月 | G11: 岗位职责： 1、区域战略与目标管理：制定所辖城市或区域的年度/季度经营计划、业绩目标及关键策略，并对最终结果负责；统筹分析区域市场趋势、竞争格局与消费者洞察，调整经营方向与资源配置； 2、多店运营体系与标准建设：建立并优化区域门店运营标准体系，推动督导执行统一的SOP、QSC标准及巡检机制；负责区域内重大运营问题的协调解决，推动系统性改善（如供应链协同、设备升级等）； 3、业绩增长与利润统筹：监控区域整体业绩达成情况，分析各门店数据，制定差异化的业绩提升与成本控制策略；推动外卖、团购、会员等线上线下渠道整合运营，提升区域市场占有率和盈利能力； 4、团队管理与梯队发展：负责督导团队的选拔、培养、考核与激励，构建高效的区域运营管理团队；建立区域人才储备机制，制定并实施店长、督导等关键岗位的培训与发展路径； 5、跨部门与总部协同：代表区域与各部门（市场、产品、供应链、人力等）对接，推动资源落地与政策执行；协调处理区域内重大客诉、舆情或突发事件，维护品牌形象。 岗位要求： 1、大专及以上学历，有连锁餐饮行业运营管理经验或西式快餐经验优先； 2、具备较强的商业敏感度和数据分析能力，能通过财务数据、市场数据制定经营策略； 3、熟悉餐饮成本结构、盈利模型，具备利润导向的经营思维； 4、具备较强的团队管理与赋能能力，能有效驱动督导团队达成目标； 5、熟悉餐饮运营各系统（POS、CRM、供应链管理等），能通过系统化手段提升管理效率； 6、能适应高频出差与高强度工作，具备处理突发问题的决断力与应变能力； 7、对业绩结果负责，具备强烈的目标导向和执行力。 | H11: 10 | I11: 46326
A12: =MAX($A$2:A11)+1 -> 4 | B12: 长沙麦子教育科技有限公司 | C12: ⻓沙⻨⼦教育科技有限公司主攻⾼职单招领域的职业技能培训，核⼼特⾊在于针对每个学校的考题⼤纲开展个性化教学。公司投⼊⼤量教研与技术⼒量，⾸创了⼀套单招教研系统，通过AI技术，能够实现“考什么、教什么”的精准教学模式，为学⽣提供个性化复习资料和学习⽅案。公司与省内各⾼等院校建⽴了良好合作关系，为学⽣选择⼼仪的学校和专业提供了便利。凭借多年的发展，公司已拥有成熟的教育教学模式和精良的教育教学团队。 | D12: 湖南省长沙市岳麓区中南大学（西大门） | E12: 教研数据运营专员（AI与数据分析方向） | F12: 3000-5000元/月 | G12: 岗位职责： 1、核心业务支持：负责公司线上App教研相关数据的处理、录入与维护，确保业务内容的高质量上线； 2、数据敏锐度与异常处理：不只是机械的“录入”，需具备良好的数据敏感度。能够在实际操作中迅速察觉数据异常或逻辑漏洞，灵活应对复杂多变的业务场景并提出优化建议； 3、AI工具落地与提效：拥抱前沿技术，熟练使用各类AI大模型工具。能够根据业务需求，编写和优化高质量的提示词（Prompt），并运用轻量级脚本辅助日常工作，大幅提升教研数据的处理效率； 4、基础数据分析与洞察：提取并加工教研与App运营数据，使用SQL和Excel等工具进行轻量级数据分析。沉淀业务规律，为后续教研内容方向和产品迭代提供数据支撑。 岗位要求： 1、学历背景：本科及以上学历，专业不限（数学、统计、计算机或教育类专业优先），对应届毕业生极度友好； 2、技术工具要求：不要求具备专业的代码开发能力，但需掌握基础的 SQL 查询语句；熟练使用Office办公软件（尤其是Excel的数据处理功能）；[核心加分项] 熟悉AI工具（如ChatGPT、Gemini、doubao、Kimi等）的日常应用，有较强的Prompt撰写能力，或会使用Python编写简单自动化脚本者优先优先录取； 3、底层能力：具有较强的逻辑思维能力和问题拆解能力，遇到困难不轻易妥协，具备极强的“抗压与破局”精神；具备出色的信息检索、梳理归纳与总结反思能力；沟通能力强，能够在团队内部进行高效务实的协同合作； 4、工作态度：细心踏实，对数据准确度有一定“洁癖”。认同公司发展方向，愿意与公司共同长线成长。 | H12: 5 | I12: 46326 | J12: 陈老师 | K12: 18574841875 | L12: 专业服务_教育_培训 | M12: 其他 | N12: 长沙人才市场
E13: 任课教师 | F13: 4000-6000元/月 | G13: 岗位职责： 1、负责单招语数英及文理科、计算机、机械等综合科目的授课、习题讲解及考前冲刺辅导；​ 2、制定个性化教学计划，针对中职/普高学生差异化备课，根据学生模考数据制定个性化提分方案；​​​​​ 3、参与教研活动，优化数学课程体系，薄弱知识点分析；​​​​ 4、定期与班主任沟通学生学习情况，完成教学反馈。 岗位要求： 1、学历：本科及以上，理科类或计算机、师范类专业优先，有高中教师资格证优先；​ 2、经验：有高考或单招/中职/高中理科综合科目的教学经验； 3、熟悉单招科目考纲，能独立编写教案与模拟题； 4、热爱教育事业，责任心强，具体良好的沟通能力和服务意识； 5、具备一定的课堂管控能力。 | H13: 10 | I13: 46326
A14: =MAX($A$2:A13)+1 -> 5 | B14: 湖南世纪超星信息技术有限公司 | C14: 超星是-家高度专注和垂直的企业，只做两件事，一是数字图书馆，二是数字教育。在这两大领域下，超星的业务范围主要涉及五大市场:高校图书馆、高校教务处、职业教育、公共文化和基础教育。 超星为每一位怀揣梦想、敢于探索的你提供无限可能，无论你是技术狂热者，市场策略高手，还是管理潜力股，这里都有属于你的舞台。让我们一起，用智慧点亮未来，用热情书写青春，共同开启职业生涯的精彩篇章! | D14: 长沙市开福区通泰街街道中山路589号开福万达广场C区3号写字楼2701号 | E14: 销售 | F14: 5000-8000元/月 | G14: 岗位职责： 1、擅于制定计划，懂得合理安排自己的时间； 2、具备优秀的学习能力，善于观察，善于倾听，善于分析； 3、勇于开拓市场，对开拓的市场客户保持一定的维护； 4、沉着自信，对项目有一定的把控度； 5、抗压能力强，能完成部门制定的市场目标。 岗位要求： 1、全日制本科及以上学历，有教育行业工作者优先； 2、具有相关工作经验，有成功的市场案例者优先考虑； 3、具备较强的商业敏锐度、逻辑思维能力和谈判技巧，具备较好的团队合作能力； 4、具有较强的市场数据分析能力和文案撰写能力； 5、良好的沟通表达能力和客户服务意识，能够适应一定的工作压力。 | H14: 10 | I14: 46326 | J14: 唐女士 | K14: 18373122339 | L14: 专业服务_教育_培训 | M14: 其他 | N14: 长沙人才市场
E15: 运营专员 | F15: 5000-6000元/月 | G15: 岗位职责: 1、学习掌握智慧课程平台，根据项目要求为教师课程建设培训，帮助老师完成智慧课程建设； 2、独立策划与开发智慧课程内容，包括课程形式设计、主题策划、教学逻辑构建、知识图谱搭建及AI智能体配置等； 3、负责课程质量评估与优化，确保课程内容科学、前沿且符合教学需求； 4、对接优质师资资源，推动课程落地，并支持客户完成智慧课程成果申报； 5、严格执行课程审核规范，确保内容无意识形态错误，符合国家教育政策及行业标准； 6、建立课程质量管控机制，持续优化审核流程，保障内容安全与专业性； 7、跟踪智慧教育行业动态、政策变化及技术发展趋势，提出产品优化与创新建议； 8、探索AI、大数据等技术在教育场景的应用，推动智慧课程产品升级。 岗位要求: 1、全日制本科及以上学历，教育学、计算机科学等相关专业优先； 2、具备扎实的学科知识背景，熟悉至少一门学科的知识体系； 3、了解知识图谱相关技术，如本体构建、语义网等； 4、具备良好的数据处理能力和逻辑思维能力； 5、优秀的沟通能力和团队合作精神，热爱教育事业。 | H15: 13 | I15: 46326
E16: 项目经理 | F16: 8000-12000元/月 | G16: 岗位职责: 1、根据公司产品推广计划，配合市场需求进行产品宣讲、演示、需求沟通、方案设计、售前技术支持等工作； 2、项目跟进及管理：把握客户需求并与客户保持良好有效的沟通；负责与市场、研发和设计等团队合作，从项目维度进行管理，协调相关资源，推进项目进度，控制项目周期、项目质量等； 3、根据市场需要，提供各类产品方案并进行后续跟踪与修改，针对项目推广中的具体问题，与产品及研发进行对接，并向市场提供解决方案，推动市场发展； 4、负责深入挖掘客户的业务需求及改进意见，及时反馈、跟踪和解决问题，巩固客户关系，提高客户满意度； 5、对产品有充分理解，熟悉上线产品功能及业务逻辑关系，负责产品的售后培训、维护服务等相关工作。 岗位要求: 1、全日制本科及以上学历，教育技术、计算机、软件工程、信息系统工程等相关专业优先； 2、做事踏实细致，有团队协作意识，沟通表达能力强，思维逻辑严谨； 3、普通话标准，沟通、表达、逻辑思维能力强，具备商务演讲能力者优先； 4、执行、协调、管理能力突出，对市场项目把控能力强，能够承受压力，适应高频短期出差； 5、热爱教育行业。 | H16: 3 | I16: 46326
A17: =MAX($A$2:A16)+1 -> 6 | B17: 长沙市伟迅餐具有限公司 | C17: 长沙市伟迅餐具有限公司成立于2003年，全新的厂房，宽敞的车间，舒适的宿舍，住4-6人/间都带独立卫生间和浴室，地处湖南长沙经济技术开发区榔梨工业园，是全国品质优选的竹筷提供商。这里交通便利，铁路，港口直达各地。我公司自成立以来，在平等互利，保质保量，恪守信誉的原则下，已和全国各地及国外的客商建立了良好的伙伴关系，如：日本、美国、东南亚都有客户。公司现有“伟迅”、“ZW”、“湘箸”三个商标，伟迅商标被评为湖南省著名商标。产品有卫生竹筷、竹木工艺品、竹签、竹串、牙签等竹制品及生产竹筷的成套设备、配件及技术培训。目前公司可供应筷子几十种，品种有双生、天削、圆单支、塑包筷、纸包筷等。公司网址：www.weixun168.cn | D17: 长沙县榔梨工业园福中路41号 | E17: 外贸业务员 | F17: 3000-10000元/月 | G17: 岗位职责： 1、能独立处理工作、善于分析思考问题，有责任心； 2、具有团队合作精神和独立处事能力，勇于开拓和创新； 3、通过阿里巴巴平台，独立开发维护客户，达成销售。 岗位要求： 1、国际贸易、日语或商务英语等相关专业； 2、大学英语四级或以上，具有英语听、说、写能力。 | H17: 4 | I17: 46326 | J17: 刘部长 | K17: 13755144598 | L17: 服务业 | M17: 其他 | N17: 长沙人才市场
E18: 电商业务员 | F18: 3000-10000元/月 | G18: 岗位职责： 1、能独立处理工作、善于分析思考问题，有责任心； 2、具有团队合作精神和独立处事能力，勇于开拓和创新； 3、通过阿里巴巴平台，独立开发维护客户，达成销售。 岗位要求： 1、国际贸易、日语或商务英语等相关专业； 2、大学英语四级或以上，具有英语听、说、写能力。 | H18: 2 | I18: 46326
E19: 设备维护 | F19: 3000-8000元/月 | G19: 岗位职责： 1、负责设备日常维护； 2、负责对设备、设施进行安全检查； 3、进行综合维修的日常工作。 岗位要求： 1、机电类相关专业； 2、具有基本的设备故障诊断、维护和维修能力； 3、熟悉各类机电设备的技术性能与操作规程。 | H19: 2 | I19: 46326
E20: 技术员 | F20: 3000-6000元/月 | G20: 岗位职责： 1、通过光绘机对产品进行检测； 2、对设备进行调试维护以及参数更新。 岗位要求： 1、计算机相关专业； 2、学习能力强，适应能力强。 | H20: 2 | I20: 46326
E21: 储备干部 | F21: 3000-5000元/月 | G21: 岗位职责： 1、生产系统储备干部，熟悉生产、工艺、品控等生产基础环节； 2、能适应调岗以及轮岗； 3、为公司可持续发展，充实生产系统基础管理、工艺、品控队伍。 岗位要求： 1、大专学历，机械、计算机专业优先； 2、思维敏捷、性格开朗、有团队协作精神，能够在压力下完成任务，富有工作激情和热情，学习能力强，优秀的沟通能力。 | H21: 2 | I21: 46326
A22: =MAX($A$2:A21)+1 -> 7 | B22: 长沙鸿颜网络科技有限公司 | C22: 长沙鸿颜网络科技有限公司创立于2025年，是一家网络新媒体运营公司，聚焦大众情绪压力领域，以培养孵化主播/主理人为核心，采用“线上便捷触达”，为客户提供心理支持、心理关怀、心灵疗愈的文化服务平台。 我们拥有先进自研平台和技术，专业的孵化团队和完善的孵化机制，积累了领先的行业经验和丰富的资源，通过深度挖掘和培养每个主播/主理人，从“平凡”到“闪耀”，让每个人的热爱都找到路途和归处，帮助每个人梦想照进现实，实现个人、团队、社会价值最大化。 | D22: 长沙市雨花区雨花亭街道自然苑1B栋120号22层 | E22: 前台 | F22: 3000-5000元/月 | G22: 工作地点：长沙 岗位要求： 1、有亲和力，工作认真细心； 2、有责任心、执行力强，具备良好的沟通能力和团队协作精神； 3、有前台工作经验者优先。 | H22: 2 | I22: 46326 | J22: 黎炜佳 | K22: 13517406389 | L22: 广告_媒体 | M22: 其他 | N22: 长沙人才市场
E23: 新媒体运营专员 | F23: 4000-8000元/月 | G23: 工作地点：长沙 岗位要求： 1、工作认真细心，对网络新媒体感兴趣； 2、有责任心、执行力强，具备良好的沟通能力和团队协作精神； 3、熟悉电脑基本操作，有学习新媒体运营的热情。 | H23: 5 | I23: 46326
E24: 客服专员 | F24: 3000-6000元/月 | G24: 工作地点：长沙 岗位要求： 1、有亲和力，工作认真细心； 2、有责任心、执行力强，具备良好的沟通能力和团队协作精神； 3、熟悉电脑基本操作，有为客户解答问题的服务意识； 4、有客服工作经验者优先。 | H24: 10 | I24: 46326
E25: 新媒体主播 | F25: 6000-12000元/月 | G25: 岗位要求： 1、有亲和力，工作认真细心； 2、有责任心、执行力强，具备良好的沟通能力和团队协作精神； 3、熟悉电脑基本操作，有为客户解答问题的服务意识； 4、有客服工作经验者优先。 | H25: 10 | I25: 46326
E26: 人事专员 | F26: 3500-6000元/月 | G26: 工作地点：长沙 岗位要求： 1、有责任心、执行力强，具备良好的沟通能力和团队协作精神； 2、有人事工作经验者优先。 | H26: 3 | I26: 46326
A27: =MAX($A$2:A26)+1 -> 8 | B27: 湖南艾方生物科技有限公司 | C27: 湖南艾方生物科技有限公司成立于2020年，位于长沙湘江新区，是一家专注于肿瘤病理诊断试剂集研发、生产、销售为一体的国家高新技术企业、专精特新中小企业、长沙市智能制造试点企业。 目前主要产品为mIHC多重荧光染色整体解决方案产品及服务、以及临床病理诊断免疫组化项目。 公司自成立以来一直专注于免疫组化抗体试剂、病理染色试剂等科研及体外诊断试剂（IVD）及相关配套仪器设备的研发，搭建了空间组学·多重荧光染色&数据AI高阶分析平台、肿瘤病理诊断免疫组化平台。 已拥有3400余种兔单克隆科研抗体，400余种病理诊断级别免疫组化抗体(IVD)，100余种病理染色试剂(IVD)，产品研发、生产体系通过了ISO13485医疗器械质量管理体系认证，并在药品监督管理局获得了医疗器械产品及生产备案证。 | D27: 湖南省长沙市岳麓区世界计算长沙智谷A5栋20楼 | E27: 病理技术员 | F27: 4000-7000元/月 | G27: 岗位职责： 1、常规病理制片：独立完成常规石蜡切片，确保切片质量符合诊断要求； 2、特殊染色与检测：开展HE染色、免疫组化染色、免疫荧光染色等技术操作，支持病理诊断和科研需求； 3、标本接收与管理：负责病理标本的核收、签收、登记及不合格标本的处理，确保标本信息准确无误； 4、仪器设备维护：承担切片机、染色机、脱水机等仪器的日常保养、故障排查及维修，保障设备正常运行； 5、试剂与耗材管理：负责试剂、染料、耗材的请领、保管及配置，监控试剂有效期和使用规范； 6、质量体系建设：参与制定和完善实验流程、SOP文件，开展制片质量检查与质控数据登记，确保操作标准化； 7、能够熟练操作和维护实验室常用仪器设备，如离心机、移液器、显微镜等。 | H27: 10 | I27: 46326 | J27: 兰惠婷 | K27: 13548634526 | L27: 制药_医疗 | M27: 大健康产业链（含东方眼谷、生物医药及生命科学） | N27: 长沙人才市场
E28: 病理研究员 | F28: 6000-9000元/月 | G28: 岗位职责： 1、负责病理实验免疫组化（IHC）/免疫荧光（IF）/多标荧光（mIHC）的实验设计； 2、熟练操作免疫组化/荧光染色机器，熟悉实验流程，进行上机/手工实验； 3、进行试剂适配工作，准确详细地记录实验设计和试验结果，整理实验报告； 4、按时保质保量完成项目任务，及时准确宇项目相关人员沟通； 5、完成上级交付的其他任务。 | H28: 6 | I28: 46326
E29: 取材技术员 | F29: 5000-8000元/月 | G29: 岗位职责： 1、负责不同动物、不同组织部位的样本解剖与取材操作，熟练掌握各类取材技巧，严格把控取材标准，确保样本质量满足科研及诊断实验要求； 2、熟练完成各类组织样本的包埋操作，精准把控包埋流程与细节，保障包埋效果符合后续科研、诊断工作标准； 3、依据不同组织样本的特性，灵活调整脱水时间与工艺参数，熟练掌握脱水优化技巧，确保组织脱水效果达标； 4、负责取材、脱水、包埋相关实验设备的日常清洁、维护与保养，及时排查设备简易故障，保障设备正常运行； 5、严格遵守实验室 SOP 操作规范及生物安全要求，规范完成样本标识、实验记录与台账整理，保证实验数据可追溯； 6、配合科研 / 诊断项目进度，高效完成样本前处理工作，协助解决实验过程中的技术问题； 7、参与实验室样本前处理流程优化，提升取材、脱水、包埋工作的效率与质量。 | H29: 2 | I29: 46326
A30: =MAX($A$2:A29)+1 -> 9 | B30: 湖南冠领君娱文化传媒有限公司 | C30: 湖南冠领君娱文化传媒有限公司创立于2023年，是一家以文化艺术，文化娱乐经济人，以培养孵化主播、主理人网络模特为核心。 我们拥有先进自研平台和技术，专业的孵化团队和完善的孵化机制，积累了领先的行业经验和丰富的资源，通过深度挖掘和培养让每个拥有梦想的新人从“平凡”到“闪耀”，让每个人的热爱都找到路途和归处，帮助每个人梦想照进现实，实现个人、团队、社会价值最大化。 | D30: 长沙市雨花区冠铭商务中心2栋1806室 | E30: 前台 | F30: 3000-5000元/月 | G30: 工作地点：长沙 岗位要求： 1、有亲和力，工作认真细心； 2、有责任心、执行力强，具备良好的沟通能力和团队协作精神； 3、有前台工作经验者优先。 | H30: 2 | I30: 46326 | J30: 颜总 | K30: 19082179993 | L30: 广告_媒体 | M30: 其他 | N30: 长沙人才市场
E31: 新媒体模特 | F31: 6000元/月 | G31: 工作地点：长沙 岗位要求： 1、工作认真细心，对网络新媒体感兴趣； 2、有责任心、执行力强，具备良好的沟通能力和团队协作精神； 3、熟悉电脑基本操作，有学习新媒体运营的热情。 工资：通过培训和考核后，保底6000元/月 | H31: 5 | I31: 46326
E32: 短视频演员 | F32: 6000元/月 | G32: 工作地点：长沙 岗位要求： 1、有亲和力，工作认真细心； 2、有责任心、执行力强，具备良好的沟通能力和团队协作精神； 3、熟悉电脑基本操作，有为客户解答问题的服务意识； 4、有客服工作经验者优先。 工资：通过培训和考核后，保底6000元/月 | H32: 20 | I32: 46326
A33: =MAX($A$2:A32)+1 -> 10 | B33: 瑞幸咖啡（长沙）有限公司 | C33: luckin coffee（瑞幸咖啡）总部位于厦门，是中国门店数量最多的连锁咖啡品牌。瑞幸咖啡以“创造幸运时刻，激发美好生活热望”为使命，充分利用移动互联网和大数据技术的新零售模式，与各领域优质供应商深度合作，打造高品质的消费体验，为顾客创造幸运时刻。 | D33: 长沙市内瑞幸咖啡门店（交通10公里就近安排） | E33: 咖啡师（学生兼职） | F33: 3000-5000元/月 | G33: 岗位职责： 1、制作和提供品质如一的饮品和轻食； 2、与顾客和同伴保持良好的沟通，为所有顾客提供优质的服务； 3、按照店面清洁标准，每天执行清洁工作，保持干净和舒适的门店环境； 4、按照店面标准，完成设备清洁及设备维护工作。 岗位要求： 1、高中（中专）及以上学历； 2、能够接受轮班制工作； 3、具备优秀的客户服务意识，能为顾客提供优质的服务； 4、为人正直诚信，尊重他人，学习能力强，充满热情，抗压能力强，能够接受高强度工作。 | H33: 100 | I33: 46326 | J33: 刘女士 | K33: 19376878689 | L33: 贸易_消费_制造_营运 | M33: 其他 | N33: 长沙人才市场
A34: =MAX($A$2:A33)+1 -> 11 | B34: 湖南湘仪实验室仪器开发有限公司 | C34: 湖南湘仪实验室仪器开发有限公司是一家集研发、生产、销售和售后服务于一体的国家级高新技术企业，专业生产离心机已50多年。目前已经拥有在医疗、血站、高校、生命科学、生物制药等领域应用的多系列产品。公司通过IS09001国际质量体系、IS013485医疗器械质量体系、IS014001环境管理体系、IS045001职业健康安全管理体系认证和国际CE 产品认证。 公司是国家级“高新技术企业”、湖南省专精特新“小巨人企业”、湖南省制造业单项冠军企业、长沙市智能制造示范企业等。 公司是中国仪器仪表行业协会常务理事单位、湖南省仪器仪表行业协会副理事长单位、湖南省医疗器械行业协会常务副会长单位、长沙市医疗器械行业协会常务副会长单位。。 “顾客至上、科技领先、精工精品、优质高效”是湘仪的质量方针。湘仪已成为国内实验室仪器的制造基地，是国内最大的实验室离心机制造商。 | D34: 长沙市望城经济开发区 金穗路35号湘仪科技园 | E34: 销售经理 | F34: 6000-8000元/月 | G34: 1、22--30周岁，170CM以上，形象气质佳； 2、全日制大专及以上学历，专业不限； 3、具有较强的商务谈判能力，亲和力强，沟通能力强且勤奋； 4、能接受出差或驻外地工作，应届毕业生或本科学历者优先。 | H34: 10 | I34: 46203 | J34: 李女士 | K34: 18108460061 | L34: 贸易_消费_制造_营运 | M34: 其他 | N34: 长沙人才市场
E35: 采购专员 | F35: 6000-8000元/月 | G35: 1、全日制大专及以上学历，供应链管理、物流管理等相关专业，男性优先； 2、具备良好的谈判和沟通能力，较强的数据分析能力，能够独立处理各类采购事务； 3、有钣金、电气件、五金等采购工作类经验者优先； 4、工作责任心强，服从管理，电脑办公软件较熟练。 | H35: 1 | I35: 46203
E36: 质量工程师 | F36: 6000-8000元/月 | G36: 1、全日制大专及以上学历，质量管理、机电一体化、机械制造等相关专业； 2、熟悉机械加工、加工中心产品工艺流程和质量控制流程，3年以上质量工程师相关工作经验； 3、具备产品质量控制、分析、改善能力，良好的沟通、协调、组织能力； 4、工作责任心强，服从管理，电脑办公软件较熟练，统计分析能力强； 5、具有三坐标、投影仪、圆柱度仪等仪器使用经验者优先。 | H36: 1 | I36: 46203
E37: 外协检验员 | F37: 5000-6000元/月 | G37: 1、高中及以上学历，机电专业、机械制造等相关专业； 2、熟悉机械加工产品工艺流程和质量检验流程，3年以上检验工作经验。熟悉铝合金阳极氧化，不锈钢化抛表面处理检验标准； 3、熟悉机械二维图纸，熟练使用卡尺、千分尺、高度尺、洛氏硬度计等常规测量仪器； 4、工作责任心强，服从管理，电脑办公软件较熟练。 | H37: 1 | I37: 46203
E38: 牧野五轴加工中心 | F38: 5000-6000元/月 | G38: 1、高中及以上学历，数控、机械加工等相关专业优先； 2、3年以上五轴加工中心操作经验，熟悉牧野（MAKINO）系统者优先； 3、能独立识读机械图纸、编制五轴加工程序，熟练使用UG、Mastercam等编程软件；熟悉工装夹具选型与刀具参数优化； 4、有加工中心操作证，熟悉ISO9001质量体系优先； 5、具备较强的问题排查能力，能处理设备常见故障；工作细致，严格遵守安全与质量规范。 | H38: 1 | I38: 46203
E39: 硬件工程师 | F39: 8000-10000元/月 | G39: 1、全日制本科及以上学历，电子或自动控制相关专业，3-5年左右硬件开发设计工作经验； 2、电子基础理论知识扎实，熟悉模拟电路和数字电路，有多种传感器硬件设计经验及高要求复杂产品设计经验者优先； 3、有STM32相关器件或电机驱动软件或硬件或电机驱动相关算法开发工作经验者优先； 4、精通硬件PCB Layout开发技能，精通至少一种Layout设计工具； 5、工作积极主动，责任心强，团队精神强，服从管理，有韧性。 | H39: 1 | I39: 46203
E40: 单片机软件工程师 | F40: 8000-10000元/月 | G40: 1、全日制本科及以上学历，电子、通信、自动化、计算机等相关专业,有工作经验优先； 2、熟练运用C编程、Keil编译器，良好的编程习惯和技巧； 3、具备交流、直流电机驱动控制，触摸屏、机械臂系统工作经验者优先； 4、熟悉至少一种单片机的内部结构、外围接口及单片机应用的相关通信协议；熟悉STM32等常用芯片，英语熟练，可以无障碍阅读英文IC资料； 5、对单片机常用UART、SPI、CAN、以太网等接口应用开发有丰富的经验； 6、熟悉数字电路，能看懂硬件电路设计图； 7、工作积极主动，责任心强，团队精神强，服从管理，有韧性。 | H40: 1 | I40: 46203
E41: 电机工程师 | F41: 8000-10000元/月 | G41: 1、全日制本科及以上学历，电子或自动控制相关专业，有开发设计工作经验优先； 2、电子基础理论知识扎实，熟悉模拟电路和数字电路，有多种传感器硬件设计经验及高要求复杂产品设计经验者优先； 3、有STM32相关器件或电机驱动软件或硬件或电机驱动相关算法开发工作经验者优先； 4、精通硬件PCB Layout开发技能，精通至少一种Layout设计工具； 5、工作积极主动，责任心强，团队精神强，服从管理，有韧性。 | H41: 1 | I41: 46203
E42: 机械工程师 | F42: 8000-10000元/月 | G42: 1、全日制本科及以上学历，机械设计制造及其自动化专业； 2、有医疗行业自动化设备开发经验者优先； 3、能熟练使用CAD/Solidworks等软件，并对形位公差及配合有较深理解； 4、具有较强的独立科研能力，能独立完成产品结构设计，解决设计中的问题； 5、熟悉常用机械材料、钣金工艺、注塑工艺、铸造工艺，机械加工工艺及表面处理要求； 6、具备轨道或机械臂或机器人或模组开发工作经验者优先； 7、工作积极主动，责任心强，团队精神强，服从管理，有韧性。 | H42: 1 | I42: 46203
E43: 高级机械工程师 | F43: 10000-20000元/月 | G43: 1、全日制本科及以上学历，机械设计制造及其自动化专业，有3-5年左右机械开发设计工作经验； 2、有医疗行业自动化设备开发经验者优先； 3、能熟练使用CAD/Solidworks等软件，并对形位公差及配合有较深理解； 4、具有较强的独立科研能力，能独立完成产品结构设计，解决设计中的问题； 5、熟悉常用机械材料、钣金工艺、注塑工艺、铸造工艺，机械加工工艺及表面处理要求； 6、具备结构有限元分析、动力学计算、振动噪音排除工作经验者优先 7、工作积极主动，责任心强，团队精神强，服从管理，有韧性。 | H43: 1 | I43: 46203
A44: =MAX($A$2:A43)+1 -> 12 | B44: 长沙玉诚环境景观工程有限公司 | C44: 长沙玉诚环境景观工程有限公司成立于2006年，总部位于湖南省长沙市，是全国领先的全产业链专业城市综合服务商，以致力提供环保、环境领域的投资、研发、咨询、设计、建设、运营等全栈式服务为主，业务涵盖物业管理与运营、市政道路清扫保洁、园林绿化建设与养护、城市垃圾收运与处置、污水处理与再生资源回收、智慧停车等多个领域，以“建设美丽中国”为己任，为城市综合管理服务和城乡一体化运营管理服务提供整体解决方案。 截止目前，玉诚环境公司在全国26个省（直辖市）运营有300多个项目，员工3万余名，服务面积超过5亿平方米，助力70多座城市成功创建全国（省级）文明城市、卫生城市，业绩稳居中国环卫行业第一阵营。公司先后获得“中国清洁环卫行业百强品牌企业”、“中国清洁行业十大著名品牌”、“中国环境卫生行业企业信用AAA级”、“全球湘商十大诚信企业”、“重合同守信用单位”、“爱心助残企业”等荣誉称号。 | D44: 长沙市开福区万家丽北路二段338号金雅国际酒店9楼 | E44: 企宣文案 | F44: 5000-7000元/月 | G44: 1、本科及以上学历，形象端庄，谈吐优雅，形象气质佳。 2、2年以上秘书、新闻传播、汉语言文学、中文教师等经验，拥有较好的文化素养； 3、有政府单位文书撰写、秘书岗位等工作经历者优先录用， | H44: 1 | I44: 46203 | J44: 孙女士 | K44: 18874710145 | L44: 房地产_建筑 | M44: 其他 | N44: 长沙人才市场
A45: =MAX($A$2:A44)+1 -> 13 | B45: 湖南丽臣实业股份有限公司 | C45: 湖南丽臣实业股份有限公司（股票代码001218）始建于1956年，于2021年在深圳证券交易所主板成功发行上市，总部位于长沙经济技术开发区，是国内大型表面活性剂、日用洗涤用品、工业与公共设施清洁用品专业研发及生产企业，是中国洗涤用品工业协会副理事长单位。 公司技术力量雄厚，表面活性剂品牌优势居行业第一，奥威品牌为行业唯一驰名商标，与宝洁、蓝月亮、纳爱斯、安利、高露洁、联合利华等国际跨国公司和国内知名企业建立了战略合作关系，产品远销100多个国家和地区。丽臣下设七个全资子公司，现有长沙、上海、东莞三个生产基地。公司获得“湖南省企业技术中心”，“中国日化百强”，“中国轻工业 200 强企业”，“湖南制造业100强”、“国家级专精特新小巨人企业”，“国家绿色工厂”等多个荣誉称号。 公司工资福利优厚，工作环境舒适，提供各类培训、晋升机会和职业发展空间，众多岗位虚位以待，热烈欢迎各类优秀人才加盟！ | D45: 长沙市长沙县泉塘街道 | E45: 采购岗 | F45: 8000-10000元/月 | G45: 1、本科及以上学历，油脂化工方向或相关专业； 2、英语过六级； 3、接受出差。 | H45: 2 | I45: 46203 | J45: 刘老师 | K45: 18153335657 | L45: 贸易_消费_制造_营运 | M45: 其他 | N45: 长沙人才市场
E46: 物流管理岗 | F46: 6000-8000元/月 | G46: 1、本科及以上学历，物流管理、化学化工或相关专业； 2、英语过六级； 3、接受出差。 | H46: 2 | I46: 46203
E47: 仪表技术岗 | F47: 6000-8000元/月 | G47: 1、本科及以上学历，仪表及其自动化、机械设计制造及其自动化、电气工程及其自动化、化学工程或相关专业； 2、专业知识或实践能力突出。 | H47: 2 | I47: 46203
E48: 设备管理岗 | F48: 6000-8000元/月 | G48: 1、本科及以上学历，机械设计制造及其自动化、电气工程及其自动化或其他相关专业； 2、2年及以上设备管理相关工作经验 | H48: 2 | I48: 46203
E49: 工艺技术岗 | F49: 6000-8000元/月 | G49: 1、本科及以上学历，化学化工专业，专业成绩良好； 2、英语过四级。 | H49: 3 | I49: 46203
E50: 产品研发岗 | F50: 8000-10000元/月 | G50: 1、研究生学历，化学化工专业，研究方向匹配，专业成绩优； 2、英语过六级。 | H50: 3 | I50: 46203
E51: 销售岗 | F51: 8000-10000元/月 | G51: 1、本科及以上学历，化学化工、市场营销、国际经济与贸易或其他相关专业优先； 2、需长期出差或驻外。 | H51: 11 | I51: 46203
E52: 销售支持岗 | F52: 6000-8000元/月 | G52: 1、本科及以上学历，化学化工、市场营销、国际经济与贸易或其他相关专业优先； 2、外贸方向英语过六级。 | H52: 3 | I52: 46203
E53: 管培生 | F53: 6000-8000元/月 | G53: 1、本科及以上学历，化学化工或其他相关专业优先，在校成绩优；2、英语过六级。 | H53: 10 | I53: 46203
E54: 维修岗 | F54: 4000-6000元/月 | G54: 1、大专及以上学历，机械类、电气类、自动化类、化工类专业； 2、钳工证/焊工证/电工证等相关证书； 3、有维修工作经验优先。 | H54: 4 | I54: 46203
E55: 化工操作岗 | F55: 6000-8000元/月 | G55: 1、大专及以上学历，化学化工类、机电类专业； 2、适应四班两倒工作制； 3、工作地点在上海。 | H55: 15 | I55: 46203
E56: 设备操作岗 | F56: 6000-8000元/月 | G56: 1、大专及以上学历，机械类、电气类、自动化类、化工类专业； 2、能接受车间工作环境 | H56: 2 | I56: 46203
E57: 仓库管理岗 | F57: 4000-6000元/月 | G57: 1、大专及以上学历，专业不限，精通办公软件，做事认真细心； 2、有仓库管理经验者优先 | H57: 1 | I57: 46203
A58: =MAX($A$2:A57)+1 -> 14 | B58: 湖南诚宇包装材料有限公司 | C58: 集团成立于 2002 年，总部座落于上海安亭工业园区。是一家专注于食品餐饮高端包装的生产服务商。集团在中国有 30 家省级销售公司和 6 大生产基地，并深耕全球市场，海外有 10 家销售公司，3 大合作生产基地。现有员工近 3000 名，连续 10 年行业全球销量领跑者！ 集团为能更好的为客户提供一站式服务，真正做到以帮助客户提升包装品牌设计方案为入口，以销售某一种包装为先合作为链接，以帮助客户提升品牌影响力和盈利赋能为主导，以销售相关的包装产品为补充，以帮助客户对接其它的专业的服务为延伸，以企业股权和多层次资本运作为后盾，助推企业持续经营发展。 集团未来将继续以诚信、利他、共创、共享的态势，坚持走制度化、平台化、智能化、资本化、国际化的经营方针，致力于打造行业全球领军品牌，引领行业健康发展！ | D58: 雨花区湘府中路复地星光甲级写字楼15044室 | E58: 销售专员 | F58: 6000-8000元/月 | G58: 要求：1、热爱销售，性格开朗，善于沟通； 2、团队意识强，品德良好； 职责：1.负责销售工作，完成销售目标。 2.负责寻找终端客户完成新客户开发及维护。 3.负责对湖南市场的信息收集并协助销售经理制定销售计划。 4.新产品试销与市场推广工作，及时做好信息反馈。 5.领导安排的其他事项。 规划方向：提供良好的职业发展生涯规划，培养方向为销售高管； | H58: 2 | I58: 46203 | J58: 苗女士 | K58: 18153793932 | L58: 贸易_消费_制造_营运 | M58: 其他 | N58: 长沙人才市场
E59: 跟单内勤 | F59: 4000-6000元/月 | G59: 要求：1.热爱工作，做事细心，有耐心，有责任心，有较强的抗压能力。 职责：1、协助销售做好新老客户售中、售后的相关服务工作； 2、负责客户的图稿确认，报价，打样，接单，下单，跟单，出货，对账及货款催收等相关工作； 3、负责客户关系维护、合同审阅、大客户的备货及库存统计； 4、负责及时做销售统计和销售分析； 职责： | H59: 1 | I59: 46203
A60: =MAX($A$2:A59)+1 -> 15 | B60: 永诚财产保险股份有限公司湖南分公司 | C60: 永诚财产保险股份有限公司湖南分公司成立于2008年，按照“业务有保障、经营有效益、管理有保障”的原则，选择成长性好、符合公司目标定位的市场设立分支机构。目前公司已在长沙、株洲、常德、浏阳、岳阳、益阳等地区设立了分支机构，多年来持续盈利，经营稳健。湖南分公司自成立以来，着力打造一支年轻化、高素质的人才队伍，聚焦电力能源核心业务，大力拓展创新业务，为湖南各行各业的发展提供周全完善的风险保障，为建设湖南市场化的灾害补偿机制、完善灾害防范和救助体系、增强抵御风险的能力、促进经济又好又快发展做出积极贡献。 | D60: 长沙市芙蓉区人民东路777号东湖壹号企业总部14栋永诚保险 | E60: 见习管培生（财务） | F60: 4000-6000元/月 | G60: 岗位要求： 1.本科及以上学历，应往届毕业生，专业不限，财务管理相关专业。 2.学习能力强，有责任感，工作积极主动。 3.有良好的团队合作精神和沟通协调能力，具有会计证书优先。 岗位职责：财务岗位见习生，负责分公司财务管理、预算管理相关工作。 | H60: 1 | I60: 46203 | J60: 侯女士 | K60: 18569456242 | L60: 会计_金融_银行_保险 | M60: 其他 | N60: 长沙人才市场
E61: 见习管培生（承保、理赔、渠道服务等） | F61: 4000-6000元/月 | G61: 岗位要求： 1.本科及以上学历，应往届毕业生，专业不限，电气自动化、机械制造、保险类专业优先。 2.学习能力强，有责任感，工作积极主动。 3.有良好的团队合作精神和沟通协调能力。 岗位职责：承保、理赔、渠道服务等岗位管培生，完成分公司岗位日常基础工作，确保工作顺利开展。 | H61: 5 | I61: 46203
A62: =MAX($A$2:A61)+1 -> 16 | B62: 长沙肯德基有限公司 | C62: 百胜中国控股有限公司是中国领先的餐饮公司，在中国2,200个城镇，共经营着近16,000家餐厅。拥有肯德基、必胜客和塔可钟三个品牌的独家运营和授权经营权。 百胜中国超过40万的员工是我们发展的支柱，打造“求真务实的创始人精神”企业文化，“永远美味、永远陪伴、永远美好”的肯德基品牌文化和“必须听见、必须搞定、必须宠你”的必胜客品牌文化。 百胜中国长沙市场隶属于百胜中国控股有限公司，1997年进驻湖南市场，截至2025年底，在湖南全省14个地州市，90余个城市，开设肯德基、必胜客、LAVAZZA 餐厅近500家，拥有员工1.5万+。 | D62: 长沙市天心区书院路9号保利国际广场B3栋33A室 | E62: 肯德基餐厅服务员 | F62: 3500-4300元/月 | G62: 18-50岁，学历不限 接受早晚班弹性工作时间 接受餐饮行业工作性质，具备服务意识； 每周可稳定供班5天 长沙市内餐厅就近分配 | H62: 20 | I62: 46203 | J62: 阳思雨 | K62: 17680417150 | L62: 专业服务_教育_培训 | M62: 其他 | N62: 长沙人才市场
E63: 肯德基餐厅见习服务员 | F63: 3200-3500元/月 | G63: 18-24岁应届毕业生/失业青年 接受早晚班弹性工作时间 接受餐饮行业工作性质，具备服务意识； 每周可稳定供班5天 长沙市内餐厅就近分配 | H63: 10 | I63: 46203
E64: 肯德基餐厅楼面经理 | F64: 3500-4500元/月 | G64: 18-40岁，学历不限 具备服务意识、沟通能力和学习能力； 接受餐饮行业工作性质； 可全职供班，市内餐厅就近分配 | H64: 20 | I64: 46203
A65: =MAX($A$2:A64)+1 -> 17 | B65: 长沙新旗舰文化传播有限公司 | C65: 新旗舰文化传播有限公司（简称新旗舰) 成立于2004年，注册资金人民币5000万元，公司总部位于长沙市雨花区劳动中路58号京电大厦。公司主营呼叫中心服务外包业务，项目范围覆盖政府机关、通信运营商、金融、保险、电商、快消等多个领域。自2015年以来，公司已成为湖南呼叫中心服务外包中的标杆及行业领先品牌，并多次获得湖南省商务厅等相关部门资金扶植，重点发展呼叫中心服务外包业务。目前已经是湖南人数规模最多、发展最快、品质最高的公司。 | D65: 长沙市芙蓉区芙蓉中路华菱大厦23楼——新旗舰 | E65: 中国移动10086接听客服 | F65: 5000-8000元/月 | G65: 主要负责湖南省内地区10086业务接听、受理客户需求，同时根据流程办理话费、流量、套餐相关的使用情况、宽带故障处理查询等业务。 | H65: 30 | I65: 46203 | J65: 贺女士 | K65: 17673135117 | L65: 专业服务_教育_培训 | M65: 其他 | N65: 长沙人才市场
D66: 长沙市雨花区劳动东路58号京电大厦11楼——新旗舰 | E66: 中国联通10016客服代表 | F66: 4500-8000元/月 | G66: 全业务座席:通过官方系统自动外呼，为用户提供套餐更改、流量包办理等服务，处理客户咨询，解答疑问，提升客户满意度，维护公司提供的优质客源，确保成单率 | H66: 40 | I66: 46203
D67: 中国联合网络通信有限公司（长沙市长沙县人民东路二段412号） | E67: 中国联通10010接听客服 | F67: 5000-6000元/月 | G67: 全业务座席:接听联通官方10010号客服热线的来电，处理用户售后问题(话费查询，流量咨询，账单查询等)纯接听，不外呼，无销售任务。 | H67: 35 | I67: 46203
A68: =MAX($A$2:A67)+1 -> 18 | B68: 湖南尚优互联网信息服务有限公司 | C68: 湖南尚优互联网信息服务有限公司成立于2015年，是美团专送湘赣区域甲S级合作商。公司主要承接美团外卖专送业务，现业务范围涵盖长沙、株洲、湘潭、岳阳、衡阳、郴州、赣州等城市。拥有站点40余个，在职人数近3000人，管理人员150余人，日均配送订单超过80000单，并依然保持高速增长。公司始终坚持“诚信为先，服务至全”，致力于打造成为全国最具有影响力的及时配送平台~ | D68: 长沙雨花区湖南商会大厦1601 | E68: 骑手 | F68: 6000-12000元/月 | G68: 18-50岁，无犯罪记录，会骑电动车、会看导航，有无经验均可（新骑手会安排一对一带教） | H68: 20 | I68: 46203 | J68: 杨主管 | K68: 19186805628 | L68: 计算机_互联网_通信_电子 | M68: 其他 | N68: 长沙人才市场
E69: 招聘专员 | F69: 5000-8000元/月 | G69: 1、善于沟通，目标感强 2、做过招聘或者销售优先，新人小白也可（一对一带教） 3、可接受实习生，年龄22-35岁以内 | H69: 5 | I69: 46203
A70: =MAX($A$2:A69)+1 -> 19 | B70: 长沙星城壹驰物流有限公司 | C70: 壹驰物流是阿里巴巴即时配送业务全国合作商，服务范围包括餐饮、商超、星巴克、盒马鲜生、药品等各类即配业务。公司成立于2015年，总部办公地点位于湖南省长沙市。业务范围涵盖北京、上海、深圳、合肥、长沙、武汉、福州、厦门、重庆、天津、苏州等14个重点一、二线城市，共有配送站点200余个，配送员工两万余人，日均配送单量200万单，年销售收入15亿，且营业收入月复合增长率高达40%以上，稳居全国第一的宝座。作为“饿了么”全国前三甲的主力配送代理商，公司先后被评为“最佳合作伙伴”“最佳贡献奖”等荣誉称号。 公司以“服务改变生活”为使命，以“创价值、建家园、享成果”为核心价值观，以“幸福源于价值、奋斗成就自我”为信条，以“服务至上、执行第一”为经营理念，不断提升自身管理能力，行业首家通过了ISO9001质量管理体系认证，致力于成为即配行业客户首选 | D70: 长沙市雨花区圭塘二小区 | E70: 招聘专员 | F70: 6000-8000元/月 | G70: 要求： 1.年龄21-30岁。全日制大专学历以上 2.有同一家公司半年以上销售经验或一年以上招聘经验优先。 3.目标感强，有一定抗压性，做事效率高，逻辑性较强，性格外向开朗。 职责：主要负责骑手招募 | H70: 1 | I70: 46203 | J70: 瞿先生 | K70: 17373160919 | L70: 物流_运输 | M70: 智慧物流产业链 | N70: 长沙人才市场
C71: 壹驰物流是阿里巴巴即时配送业务全国合作商，服务范围包括餐饮、商超、星巴克、盒马鲜生、药品等各类即配业务。公司成立于2015年，总部办公地点位于湖南省长沙市。业务范围涵盖北京、上海、深圳、合肥、长沙、武汉、福州、厦门、重庆、天津、苏州等14个重点一、二线城市，共有配送站点200余个，配送员工两万余人，日均配送单量200万单，年销售收入15亿，且营业收入月复合增长率高达40%以上，稳居全国第一的宝座。作为“饿了么”全国前三甲的主力配送代理商，公司先后被评为“最佳合作伙伴”“最佳贡献奖”等荣誉称号。 公司以“服务改变生活”为使命，以“创价值、建家园、享成果”为核心价值观，以“幸福源于价值、奋斗成就自我”为信条，以“服务至上、执行第一”为经营理念，不断提升自身管理能力，行业首家通过了ISO9001质量管理体系认证，致力于成为即配行业客户首选 | D71: 长沙市雨花区圭塘二小区 | E71: 淘宝闪购专送员 | F71: 8000-10000元/月 | G71: 工作要求：系统派单，无需抢单，按单结费，多来多的，上不封顶 要求：1、18-45周岁，身体健康，能吃苦耐劳 2、会骑电动车，会使用智能手机导航 3、无案底 | H71: 10 | I71: 46203
A72: =MAX($A$2:A71)+1 -> 20 | B72: 湖南川联船舶有限公司 | C72: 作为湖南省退役军人事务厅2025年首批退役军人就业合作签约企业，始终以“服务国家航海战略、培育专业航运人才”为核心使命，深耕国内与国际船员管理领域多年。凭借丰富的国内与国际海员职业规划经验与专业的就业安置服务体系，致力于为每一位怀揣航海梦想的从业者提供从职业启蒙到岗位成才的全周期支持，为中国航运事业的高质量发展注入强劲动能。公司现面向全国招聘海员三副、海员三管轮、值班水手、值班机工，货轮厨师等岗位，对期望从事该行业的人员，公司提供从专业培训到就业安置一站式服务（定向安排：央企、国企和国内外知名船企），培训期间公司免费提供专业的培训资料辅助学员考取海员证书，提供住宿保障，确保学习质量。我们以“订单式培训、包办证、包安置”的服务承诺，为每一位航海人才铺就职业发展之路，共同推动中国航海事业的发展。 | D72: 湖南省长沙市芙蓉区建安新商汇1607号 | E72: 海员三副 | F72: 28000-32000元/月 | G72: 岗位要求：本岗适合男性且符合以下要求：1.学历：大专以上；2.符合船员体检标准；3.退役军人优先 职责：主要负责掌管甲板救生设备、消防设备等，航行时轮流值班驾驶。在船长，大副的领导下认真执行公司综合管理体系中的规定的船舶航行和停泊值班职责。 | H72: 5 | I72: 46203 | J72: 韩经理 | K72: 17373108133 | L72: 专业服务_教育_培训 | M72: 其他 | N72: 长沙人才市场
E73: 海员三管 | F73: 28000-32000元/月 | G73: 岗位要求：本岗适合男性且符合以下要求：1.学历：大专以上；2.年龄：21-35；3.符合船员体检标准；4.退役军人优先 职责：主要负责机舱防污染设备、消防救生设备、甲板机械、生活设施及服务设备，舱底水系统，照明及信号灯，货舱监控系统、生活锅炉等运行管理和维护保养，以及船舶航行、锚泊中的值班工作。 | H73: 5 | I73: 46203
E74: 值班水手 | F74: 9000-14000元/月 | G74: 岗位要求：本岗适合男性且符合以下要求：1.学历：高中以上；2.年龄：18-38；3.符合船员体检标准；4.退役军人优先 职责：航行时在驾驶员的指导下负责值班、操舵、瞭望等，船舶靠离码头时带、解缆绳，收放舷梯、引水梯和舷梯值班等，起卸船吊和开关舱，甲板部日常维护和保养。 | H74: 10 | I74: 46203
E75: 值班机工 | F75: 9000-14000元/月 | G75: 岗位要求：本岗适合男性且符合以下要求：1.学历：高中以上；2.年龄：18-38；3.符合船员体检标准；4.退役军人优先 职责：在轮机员领导下在集控室值班操控，例行机舱巡视检查，执行机舱各设备的润滑、保养、维护等工作。 | H75: 10 | I75: 46203
E76: 海上平台风电运检工程师 | F76: 7000-12000元/月 | G76: 岗位要求：本岗适合男性且符合以下要求：1.学历：高中以上；2.年龄：18-40；3.符合船员体检标准；4.退役军人优先 职责：主要负责风电设备定期检查，风电安装检修，定期维修与保养等工作，技术岗位。 | H76: 10 | I76: 46203
A77: =MAX($A$2:A76)+1 -> 21 | B77: 苏晟文化传媒有限公司 | C77: 苏晟集团2022年3月创始于 *江苏徐州，作为深耕传媒领域的综合型企业，业务涵盖娱乐直播，短视频创作及素人主播孵化三大板块。 | D77: 新沂市新安街道市府路8号 | E77: 主播 | F77: 8000-10000元/月 | G77: 可全职可兼职，，无不良嗜好，听话照做，每天能播四个小时，男女不限，时间地点不限。 | H77: 10 | I77: 46203 | J77: 李经理 | K77: 18528035002 | L77: 广告_媒体 | M77: 视频文创产业链 | N77: 长沙人才市场
A78: =MAX($A$2:A77)+1 -> 22 | B78: 湖南湘牛环保实业有限公司 | C78: 湖南湘牛环保集团（简称湘牛环保）创立于1997年5月，旗下拥有湖南湘牛环保实业有限公司、湖南恒辉膜科技有限公司、北京湘牛环保科技发展有限公司、长沙湘牛污泥处理处置有限公司、湖南智寓物业服务有限公司等分子公司。 湘牛环保拥有环境工程（水、大气污染防治工程）专项甲级资质、环境工程（固废、物理污染防治工程）专项乙级资质、环境工程专业施工总承包一级资质，是国家高新技术企业、全国首批环境综合服务试点企业、全国首批环保装备制造规范企业、中国环境保护产业骨干企业、湖南省战略新型产业百强企业、湖南省环保产业协会会长单位、湖南省专精特新"小巨人"企业、湖南省最早做膜系统集成的企业。湘牛环保建有湖南省专家工作站、湖南省环境保护复杂工业废水膜处理及资源化工程技术中心，是国内领先的能源化工领域水环境综合服务商，重点服务新能源、焦化、煤化工、钢铁、石化等国家重点排污和耗水行业，为客户提供所有与"水"相关（纯水、循环水、废水达标排放、回用、零排放）的系统性服务。经过多年的摸索，公司针对能源化工领域废水，形成了以"整体解决方案提供、关键装备制造、环保设施托管运营”为代表的”三位一体”的业务模式。 | D78: 湖南省长沙市岳麓区谷苑路401号 | E78: 调试助理 | F78: 6000-8000元/月 | G78: 要求： 1.环境工程相关本科专业； 2.能接受出差/长期驻场； 3.吃苦耐劳，抗压能力强。 职责 1.熟悉污水处理厂的工艺流程、工艺设备、仪表的功能和用途； 2.熟悉掌握有关机械设备、仪表的操作方法和安全操作规程及维护保养； 3.负责调试及运营项目生产数据的归纳，整理分析工作； 4.参与现场调试工作，执行调试操作指令； 5.完成领导交办的其他工作。 | H78: 2 | I78: 46203 | J78: 尹灿 | K78: 19976967650 | L78: 能源_原材料_环保 | M78: 其他 | N78: 长沙人才市场
E79: 环保项目经理（畜禽养殖） | F79: 8000-10000元/月 | G79: 岗位职责： 1. 负责畜禽养殖废水处理项目的日常运营管理。 2. 确保项目稳定运行，达到预期的处理效果。 3. 监督并优化废水处理工艺，提高处理效率。 4. 负责项目运营团队的培训和管理。 5. 与相关部门协调，确保项目顺利实施。 岗位要求： 1. 环境工程、给排水等相关专业本科及以上学历。 2. 具备5年以上畜禽养殖废水处理项目运营管理经验。 3. 熟悉废水处理相关法规、政策和标准。 4. 具备良好的团队协作和沟通能力。 5. 有较强的责任心和解决问题的能力。 | H79: 1 | I79: 46203
E80: 投标专员 | F80: 4000-6000元/月 | G80: 职位描述: 1.负责投标项目的报名、招标文件下载、商务标制作、投标文件定稿、按时投标、开标等； 2.负责协调投标文件制作过程中的各项问题，保证投标文件按时投递； 3.负责投标项目的投标保证金或电子保函申请；保证金付款与退款跟进； 4.负责投标项目的结果跟进；负责中标项目交易服务费、履约保证金、代理服务费等办理； 5.负责相关招标投标平台供应商（投标人）注册、信息更新、CA证书办理等； 6.负责投标项目数据库整理、投标资料整理与更新等； 7.负责了解收集政府部门发布的对招投标有关的管理规定、招投标政策、制度、发展动态等通知文件，并及时上报主管领导。 8.领导交办的其他事宜等。 岗位要求: 1.大专及以上学历，环境工程相关专业优先； 2.做事细心、认真、负责、吃苦耐劳； 3.具有团结协作、灵活应变的能力；具有独立解决问题的能力； 4.学习能力强，具有一定的文字水平功底；5.熟悉招投标相关法律法规，熟悉投标文件的编写与制作； 6.熟练使用AI、会Photoshop最佳； 7.能接受偶尔加班。 | H80: 1 | I80: 46203
E81: 膜销售工程师 | F81: 6000-8000元/月 | G81: 岗位职责： 1、负责公司膜设备、材料的销售； 2、负责公司膜应用技术推广； 3、负责招投标书制作。 任职要求： 1、年龄35岁以下，工科专业毕业优先； 2、有行业经验者优先； 3、有发酵、生物医药行业经验、资源优先。 4、具备良好的沟通表达能力。 | H81: 1 | I81: 46203
E82: 电气工程师 | F82: 6000-8000元/月 | G82: 岗位职责： 1、自动控制系统设计； 2、设备控制系统编程、调试； 3、设备安装和售后服务。 任职要求： 1、电气自动化专业本科毕业； 2、有相关工作经验； 3、熟练使用PLC编程和组态； 4、有行业经验优先； 5、年龄35岁以下； 6、动手能力强,能适应出差。 | H82: 1 | I82: 46203
E83: 物业文员 | F83: 4000-6000元/月 | G83: 1、负责租客来访/咨询接待、办理入住/退房/清算等工作； 2、负责租客意见收集工作、租客投诉处理反馈及相关回访工作； 3、负责大堂及公共活动区域内环境卫生和设施设备的维护和巡视检查工作； 4、负责园区的水电抄表（智能化）及机械表、发送账单、催收租金、月度报表工作。 岗位要求： 1、高中以上学历，男女不限，20-35岁，相关物业工作经验及具有招租策划能力者可适当放宽条件； 2、熟悉excel等电脑办公软件，责任心/服务意识强、品行端正、能服从管理，热爱生活，热情开朗。待遇：底薪+提成，提供食宿 | H83: 1 | I83: 46203
A84: =MAX($A$2:A83)+1 -> 23 | B84: 成都泰便利电子商务有限公司 | C84: 成都泰便利电子商务有限公司由一批年轻有激情的创业者成立于2014年，是o2o电子商务模式的探索者和实践者。 2015年开始公司主要承接了美团外卖专送业务,力求在o2o物流配送方面做精做强。业务范围由成都市区逐步扩充到四川其他城市，由省内快速覆盖到省外。 目前经营范围包括四川、重庆、湖南、湖北、福建、浙江等省市；现全国站点126个，在职人数超过10000人，配送业务日订单现已突破320000大关，并依然保持高速增长，在美团众多外卖加盟商中脱颖而出，荣获美团唯一“2015年度外卖配送加盟商—匠心奖”、”2016年金牌加盟商“、“2017被评为S级加盟商“、“2018年金牌合作商”、“2019年卓越运营奖”、“2020年共克时艰奖”、“2021年通力协作奖”、“2022年突出贡献企业”等多类奖项。 | D84: 长沙市天心区光大发展大厦写字楼A306 | E84: 美团专送 | F84: 8000元/月 | G84: 公司人事直招，长沙区域都可以分配站点，最近安排站点上班，可以预支，提供电动车（免押金），系统自动派单不需要自己抢单子，单量多。配送范围3公里以内、定点取送、单多好跑、一点对一点（同方向订单）配送效率高。 【薪资构成】 1、工资构成：计件提成+奖励+补贴+绩效+奖金，一趟5—8单，日均40—80单左右，综合工资6000—9000元/月，多劳多得，上不封顶； 2、补贴：工龄津贴、职级奖励、高温补贴； 3、上班时间比较灵活，上午10点-14点，下午17点-20点，中午休息三小时（自由调休） 4、预支：每月可以预支3次； 5、每个月有新人人事补贴政策，车补和宿舍补贴。 【工作职责】 1、负责配送店内食品，生鲜、果蔬等； 2、根据客户下单地址，保证客户订单安全、及时准时送达客户手中； 3、保障配送过程中客户商品的安全、卫生、新鲜度等； 4、无订单时可以玩手机休息； 【任职要求】 1、18-48岁，男女不限，身份证为准，必须有证件。 2、性格开朗、沟通交流好、有时间观念、渴望赚钱。 3、会骑电动车，会使用手机导航，自带车优先。 【福利待遇、晋升渠道】 1、驻点配送，配送范围在站点3公里之内的，有奖励补贴； 2、免费提供工服、头盔、配送箱； 3、统一提供车辆； 4、晋升渠道：骑手-组长-大组长-储备站长-站长-区域经理-城市经理-合伙人（合理的晋升机制不外招） | H84: 50 | I84: 46387 | J84: 肖女士 | K84: 18684787204 | L84: 服务业 | M84: 其他 | N84: 长沙人才市场
A85: =MAX($A$2:A84)+1 -> 24 | B85: 中国联合网络通信有限公司长沙市湘江新区分公司 | C85: 长沙联通 | D85: 岳麓区福祥路北大资源时光3栋福祥大厦 | E85: 营销经理/营业员 | F85: 8000元/月 | G85: 通信产品销售 | H85: 5 | I85: 46112 | J85: 彭勇 | K85: 18608414212 | L85: 计算机_互联网_通信_电子 | M85: 大数据产业链 | N85: 长沙人才市场
A86: =MAX($A$2:A85)+1 -> 25 | B86: 平安（融易）黑龙江信息服务有限公司长沙芙蓉北路分公司 | C86: 提供普惠型产品和服务，并斌能机构合作伙伴，落陆金所控股有限公司是中国领先的小微企业主金融服务赋能机构，是中国平安集团的子公司。陆金所控股为小微企业主实普惠金融，支持实体经济。陆金所控股在美国纽约证券交易所（股票代码：LU)、香港联合交易所（股票代码：6623)两地上市。 平安担保品牌简介 平安担保是中国平安保险（集团）股份有限公司的子公司－陆金所控股有限公司旗下致力于为小微企业主、个体工商户等客户提供融资担保、融资咨询服务的品牌。 平安普惠融资担保有限公司是“平安担保”的核心业务主体，经监管部门批准，在全国各地设立分支机构。主要服务客群是小微企业主、个体工商户，聚焦小微经营场景的需求，以科技创新赋能小微融资服务，提供一站式、倾问式、定制化的服务，全程陪伴小微企业成长，助力实体经济高质量发展。 | D86: 湖南省长沙市开福区伍家岭华创国际广场A座12楼， | E86: 客服经理 | F86: 8000-15000元/月 | G86: 岗位要求：1、大专及以上学历。2、有还款提醒管理经验优先，善于发现问题，解决问题，抗压能力强，有一定能导领导力。3、office办公软件熟悉，沟通技能强。 | H86: 10 | I86: 46203 | J86: 吴先生 | K86: 15013645274 | L86: 金融 | M86: 其他 | N86: 长沙人才市场
E87: 客服专员 | F87: 6000-8000元/月 | G87: 岗位要求：1、大专及以上学历。2、沟通表达能力佳。3、抗压能力强。 | H87: 10 | I87: 46203
A88: =MAX($A$2:A87)+1 -> 26 | B88: 湖南筑德企业服务有限公司 | C88: 筑德企服是为建筑企业提供股权交易、资质办理、人员招聘、平台搭建等服务的公司，擅长勘察设计及特级资质的并购及升级，擅长孵化甲级设计资质、综合资质、特级资质，是建筑行业中成立最早的几家资质咨询公司 公司成立于2006年，现有员工200余人，拥有一批优秀的专业顾问团队。目前在华东、华南、华中、西南、西北都设有直接的分支机构，团队架构清晰，分工明确，响应速度快，能在1天内提供标的。 建立全国首家建筑企业并购平台--资质易（www.52zz.com.cn），整合全国范围内的建筑企业并购工作，响应速度快。现已为全国上万家建筑勘察设计企业提供了相关服务，其中有上百家企业年产值50亿以上的大型央企，控股集团，大型建筑企业。 公司主营业务范围： 建筑行业股权交易、企业并购、资质咨询、持证中高端人才猎聘服务等。目前，公司已为全国上万家建筑勘察设计企业提供相关服务，其中有上百家企业年产值50亿以上的大型央企、控股集团、大型建筑企业。 曾一年内为30多家企业取得过施工特级资质、甲级设计资质，渠道及资源非常成熟。 一对一项目顾问负责制管理，针对性提供专业的资质咨询方案、时间推进表，高质高效完成项目。 公司宗旨： 以“帮助建筑企业提升核心竞争力”为使命，致力于成为“建筑企业首选咨询服务平台”。恪守诚信、专业、高效的原则，为客户提供满意的服务是我们永恒的追求。 公司服务项目： 1、核心业务——全国各地企业股权交易、企业重组合并等； 2、资质咨询服务 主要为客户提供特级、甲级的全过程代理；部分省份的丙级、乙级工程设计资质新办、增项、升级、延续等； 3、建筑勘察设计行业人才招聘，建筑设计行业精英猎聘和委托招聘等。 4、平台搭建 搭建建筑业资讯及资源共享平台——资质易网站（www.52zz.com.cn），为客户提供全方位的建筑企业资质并购、办理、加盟等信息服务。 | D88: 湖南省长沙市岳麓区银盆南路奥克斯广场环球中心B座2326-2328 | E88: 销售助理 | F88: 4000-6000元/月 | G88: 岗位职责： 1、协助部门领导完成市场调研、重点项目跟踪、销售数据分析等工作; 2、处理客户咨询、电话沟通等日常事务，确保商机的有效转化; 3、协助销售团队进行订单处理、跟踪及管理全流程，确保客户订单的顺利执行; 4、整理相关数据、资料; 5、完成上级交办的其他相关工作。 任职要求： 1、具备良好的沟通能力和团队协作精神，能适应快节奏工作。 2、熟练使用Office办公软件，具备基础数据处理能力。 3、工作细致认真，具备较强的责任心和服务意识。 岗位福利： 1、薪资：无责底薪+绩效+全勤+奖金； 2、福利：周末双休+五险+法定节假日+年终奖+年休假+包午餐+特殊节假日礼品发放+水果下午茶+丰富的团建活动； 3、工作时间： 8:30-12:00，13:30-17:30 周末及节假日按国家法定休假。 | H88: 3 | I88: 46203 | J88: 陆女士 | K88: 18973121725 | L88: 房地产_建筑 | M88: 智能建造产业链 | N88: 长沙人才市场
D89: 湖南省长沙市岳麓区银盆南路奥克斯广场环球中心B座2326-2328 | E89: 销售 | F89: 6000-10000元/月 | G89: 岗位职责： 1、 依托公司提供的客户资源，通过电话、面谈等多种渠道开发客户，推广资质办理咨询服务，并跟进客户对接与后期交付工作。 2、 主动学习行业专业知识，积极邀约客户、开展商务谈判，维护与拓展客户关系。 3、完成上级交办的其他相关工作。 任职要求： 1、性格热情开朗，善于沟通表达，具备较强的学习能力与执行力。 2、男女不限，年龄 20-30 岁，专科及以上学历。 3、熟练使用 Office 等办公软件。 4、具备良好的团队协作意识与客户服务意识， 5、有电销经验优先、有建筑行业相关经验者优先。 福利待遇: 1、薪资：无责底薪+全勤+高额梯度提成10%-32%+季度业绩达成奖+年度业绩达成奖； 2、福利：周末双休+入职五险+法定节假日+国内外旅游+年终奖+年休假+包午餐+特殊节假日礼品发放+水果下午茶+丰富的团建活动；； 3、晋升：完整的晋升渠道，顾问—高级顾问—团队经理—合伙人—分子公司总经理—集团高管； 4、工作时间： 8:30-12:00，13:30-17:30 周末及节假日按国家法定休假。 | H89: 10 | I89: 46203 | N89: 长沙人才市场
D90: 湖南省长沙市岳麓区银盆南路奥克斯广场环球中心B座2326-2328 | E90: 销售经理-团队管理 | F90: 8000-10000元/月 | G90: 客户经理岗位职责: 1、依托公司提供的客户资源，通过电话、面谈等多种渠道开发客户，推广资质办理咨询服务，并跟进后期交付工作；处理客户咨询、日常沟通等事务，确保商机高效转化。 2、主动学习行业专业知识，主导客户商务谈判，建立并维护良好客户关系，完成合同签订。 3、负责团队成员的订单交付跟踪与全流程跟进，保障订单顺利执行。 4、协助部门总监开展市场调研、重点项目跟进、销售数据分析等相关工作。 5、完成上级交办的其他工作任务 。 任职资格: 1、 工作积极主动、自律性强，敢于接受挑战，热爱销售并善于沟通。 2、具备优秀的沟通表达能力与团队精神，能够适应快节奏工作环境。 3、熟练使用 Office 办公软件，具备基础的数据处理与分析能力。 4、具有极强的责任心、服务意识及执行力。 5、有3人以上团队管理能力优先。 福利待遇: 1、薪资：无责底薪+全勤+高额梯度提成10%-32%+季度业绩达成奖+年度业绩达成奖+团队提成； 2、福利：周末双休+入职五险+法定节假日+国内外旅游+年终奖+年休假+包午餐+特殊节假日礼品发放+水果下午茶+丰富的团建活动；； 3、晋升：完整的晋升渠道，顾问—高级顾问—团队经理—合伙人—分子公司总经理—集团高管； 4、工作时间： 8:30-12:00，13:30-17:30 周末及节假日按国家法定休假。 | H90: 10 | I90: 46203 | N90: 长沙人才市场
A91: =MAX($A$2:A90)+1 -> 27 | B91: 岳阳高澜节能装备制造有限公司 | C91: 岳阳高澜节能装备制造有限公司（以下简称“岳阳高澜”）成立于2012年8月23日，系广州高澜节能技术股份有限公司全资子公司，定位为高澜全球电力电子水冷制造基地。高澜股份于2016年2月2日在深圳证券交易所挂牌上市（股票代码300499）。公司是世界先进的水冷设备专业供应商，目前产品分四类，包括直流输电换流阀纯水冷却系统、新能源发电变流器纯水冷却系统、柔性交流输配电纯水冷却系统以及大功率电气传动变频器纯水冷却系统。广泛应用于智能电网、风力发电、核能发电、太阳能利用、海上石油平台、油田、轨道交通、电气传动和变频、新能源汽车等工业应用领域。高澜致力于自主研发和持续创新，拥有自主知识产权和核心技术，先后突破并取得纯水冷却及电能质量治理领域核心专利技术100余项。岳阳高澜注册资金1.1亿元，规划用地面积14万㎡，总建筑面积17万㎡，总投资4亿元人民币，设生产区、仓储区、办公区、科研区、生活区等。自2014年7月投产累计至今产值超36亿元，利税近2.5亿元。二期于2019年5月开工建设，今年6月试生产，项目主要建设15000平米标准化厂房，投资1.2亿元；项目全面建设完成后年产值达30亿元，可解决就业人员300余人。公司先后荣获高新技术企业、国家级绿色工厂、湖南省“智能制造示范车间”、第四届岳阳市市长质量奖等荣誉，被认定为湖南省工程技术研究中心、湖南省企业技术中心。 | D91: 岳阳市城陵矶临港产业新区云港路8号 | E91: 工艺工程师 | F91: 8000-10000元/月 | G91: 岗位职责： 1、根据工程技术部负责人下达的工作任务制定个人目标和计划，并执行； 2、工艺研发与规划、工艺设计及工艺产品优化； 3、负责生产过程的工艺指导、工艺培训及工装、夹具、设备的设计研发； 4、对新工艺的实施进行过程监控，及时发现、解决有关工艺问题； 5、新产品试产跟进及问题点对策改善。 任职要求： 1、拥有机械电子设备相关行业的工作经验3年以上； 2、熟悉 solidworks、CAD等机械设计软件； 3、具备较强的工艺改善动手能力和实操经验； 4、拥有大专及以上机械专业的学历。 | H91: 6 | I91: 46203 | J91: 王先生 | K91: 19918070338 | L91: 贸易_消费_制造_营运 | M91: 工程机械产业链 | N91: 长沙人才市场
D92: 岳阳市城陵矶临港产业新区云港路8号 | E92: 电气工程师 | F92: 6000-8000元/月 | G92: 岗位职责: 1、单相、三相电动机设计、开发、测试、优化、认证。 2、电磁、绝缘、防护等电气设计和结构设计。 3、电机产品的性能、成本、可靠性的分析及评估。 4、编制设计报告，相关论文、专利撰写。 5、解决产品试制、试验、应用等过程中的技术问题。 任职要求: 1、本科以上学历，电机或机电一体化专业。 2、熟悉交流异步电机工作原理、结构特点及使用特性，掌握电机设计相关理论。 3、具备独立开发设计电机产品的能力，能熟练使用2D、3D设计绘图软件（如SolidWorks、AutoCAD等）。 4、有完整项目经验，能够独立推进产品设计到打样的全过程。 | H92: 10 | I92: 46203
D93: 岳阳市城陵矶临港产业新区云港路8号 | E93: 系统工程师 | F93: 10000-20000元/月 | G93: 岗位职责： 1、熟悉水冷系统各物料的选型，并能熟练应用。 2、具备良好的沟通和协调能力。 3、具备良好的职业操守及团队合作精神，有较强的总结能力、沟通、协调及表达能力。 4、稳重、踏实，工作细致严谨、业务敏感，良好的工作热情和责任心。 5、运用传热制冷、流体控制、机械制造、电气控制、水质处理、密封材料、能效管理技术，开发热管理系统。 6、公司及领导交办的其他事务。 任职要求: 1、本科及以上学历，热能动力、暖通、制冷等相关专业； 2、具备一定的水循环、冷却设备、中央空调系统方案设计相关工作经验； 3、熟悉水冷系统各物料的选型，并能熟练应用； 4、具备良好的沟通和协调能力，英语优秀者优先； 5、具备良好的职业操守及团队合作精神，有较强的组织、沟通、协调及表达能力； 6、稳重、踏实，工作细致严谨、业务敏感，良好的工作热情和责任心。 | H93: 6 | I93: 46203
D94: 岳阳市城陵矶临港产业新区云港路8号 | E94: 信息化工程师 | F94: 6000-8000元/月 | G94: 岗位职责: 1、负责业务系统关键模块的编码与重构。 2、参与分布式系统架构设计，保障高并发性能。 3、实现前后端数据交互逻辑及数据库优化。 4、解决线上故障，持续提升代码质量与安全。 任职要求: 1、本科及以上学历、有互联网行业3年以上工作经验； 2、JAVA基础扎实，熟悉IO、多线程、分布式、集合等基础API； 3、熟练掌握Spring、SpringMVC、Springcloud等常用框架,能够独立完成开发任务； 4、熟悉MAVEN,SVN等软件开发配置工具； 5、熟练使用Redis，MySQL、Oracle、DB2、NoSQL数据库中至少两种； 6、具有Linux运维经验。 | H94: 2 | I94: 46203
D95: 岳阳市城陵矶临港产业新区云港路8号 | E95: 检验员 | F95: 4000-6000元/月 | G95: 岗位职责： 1、 负责按检验标准或图纸进行来料或过程或成品的检验； 2、 对不合格进行标识、隔离，防止误用； 3、 按要求做好检验记录及其他质量记录； 4、 对所在岗位区域的5M变化进行检验监督，有异常时及时报告； 5、 协助质量工程师监督质量措施的有效执行 6、 临时交待的其他事项； 任职要求： 1、 机电一体化或机械类大专毕业（有丰富工作经验的可放宽要求）； 2、 有1年以上机械或机电行业检验员工作经验； 3、 能熟悉使用常用的计量器具（卡尺、千分尺、环规等） 4、 另对电器或涂装检验有经验的优先考虑。 | H95: 10 | I95: 46203
D96: 岳阳市城陵矶临港产业新区云港路8号 | E96: 无损检验员 | F96: 4000-6000元/月 | G96: 岗位职责： 1、负责不锈钢管道、罐体的射线检测工作； 2、负责无损检测； 3、负责无损报告的编制、审核、保证准确性，完整性 任职要求： 1、大专及以上学历； 2、具有射线探伤工作经验； 3、持有特种设备无损检测人员射线检测（RT）证书； | H96: 3 | I96: 46203
D97: 岳阳市城陵矶临港产业新区云港路8号 | E97: 质量工程师 | F97: 10000-20000元/月 | G97: 岗位职责： 1、负责公司质量检验和把控，落实纠正预防和持续改进措施； 2、负责本部门建立质量管理规程（进料、制程、出货、操作规程等），并监督执行； 3、负责组织质量管理体系及质量控制方面的培训 ； 4、协调相关部门对质量问题进行分析，并监督改善措施的执行情况和效果； 5、持续监控所有质量目标的进展，履行必要的改进措施。 任职资格： 1、本科及以上学历； 2、3年以上质量相关岗位工作经验（必须要有QE、QCE其中一种经验）； 3、熟悉ISO9000、ISO14001等质量管理体系；了解各质量体系在企业的运作方法；熟悉运用质量管理工具及方法；熟练使用办公软件； 4、工作认真负责，严谨细致，有较强的分析解决问题能力；良好的团队协作精神。 | H97: 2 | I97: 46203
D98: 岳阳市城陵矶临港产业新区云港路8号 | E98: 计划员 | F98: 8000-10000元/月 | G98: 岗位职责： 1、运用ERP系统负责销售订单所需产品的生产计划的准备及下发并及时做好MPS的运作； 2、负责产品生产过程中物料准备和生产能力的协调，以保证生产活动和销售计划的一致； 3、按计划进度及时了解实际工作进度，按变化或其他因素的变化调整生产计划； 4、核对生产和物料计划的执行结果，对生产物料的库存情况进行分析，及时与采购部门沟通提供物料需求依据（尤其是特发的需求）； 5、每天统计并反馈生产相关数据，确保数据的及时性及准确性； 6、完成上级交办的其他工作。 任职要求： 1、 大专及以上学历（(机械、电子、电气、工业自动化等相关专业背景）； 2、2年以上生产计划工作经验（外资企业工作背景尤佳）； 3、熟悉工厂生产计划跟单流程，沟通能力强，应变能力强，能及时完成上级交付的工作； 4、熟练操作EPR系统，熟悉MS-Office等软件操作； 5、 有较强的工作纪律，责任心强，积极进取，吃苦耐劳。 | H98: 10 | I98: 46203
D99: 岳阳市城陵矶临港产业新区云港路8号 | E99: 机械工程师 | F99: 8000-10000元/月 | G99: 岗位职责： 1、负责工厂生产自动化方向相关设备研发、设计、改造。 2、熟悉机械（非标）自动化设备设计原理，熟练使用相关设计软件。 3、熟悉各种机械零件、标准件、非标件、通用件、气动元器件的设计标准及规范。 4、独立解决机械自动化设备问题，并具有较强的动手操作能力及良好的机械测绘、装配能力。 任职要求： 1、本科以上学历，机械设计制造及其自动化/自动化等相关专业，机械设计经验3年以上； 2、3年及以上非标自动化装备机械设计经验，有独立整机开发设计能力和成功案例，熟悉设备成本预算，具有焊装夹具、汽车制造、智能仓库等项目设备开发经验者优先。 3、熟悉机械设计行业标准，熟悉气动、液压、传动等机构设计； 4、扎实的专业基础知识、较强的产品设计开发能力、动手试验能力、沟通能力。 5、熟练使用AutoCAD/SOLIDWORK/Creo设计软件； 6、有丰富的机械加工知识，熟悉材料性能，对所设计的零件的可加工性及成本有清晰的概念 7、有非标自动化的整机独立设计经验，有较强的机械设计能力和灵活的思维 接受无经验的应届毕业大学生；（学历学位已经拿到在找工作的2024届、2025届大学生） | H99: 6 | I99: 46203
A100: =MAX($A$2:A99)+1 -> 28 | B100: 长沙市秋龙仪器设备有限公司 | C100: 秋龙仪器30年专业经营：一、样品前处理仪器；二、锂矿石仪器设备；三、火试金仪器设备；四、化验分析仪器；五、煤质化验仪器； 六、食品检测仪器；七、实验台柜，试剂标样；八、新化验室筹建，化验员培训，出口包装订制，代办国际物流，进出口货物清关代理等。 | D100: 天心区湘江中路二段178号汇景发展环球中心A塔1218 | E100: 销售内勤 | F100: 8000-10000元/月 | G100: 基本要求：大专以上学历，表达能力强， 职位描述：协助销售经理，完成信息收集与销售记录，主要负责电话微信询价、进货、给客户提供报价单及产品资料，同时负责电话或微信或QQ跟单业务，需要每月定时提交销售报表和跟单情况报表。 基本素质：性格外向，沟通能力强，处事有主见，应急处理问题能力要强。 工作经验：1年以上办公室内勤工作经验（可接收应届毕业生） 1、熟练使用办公软件，能够快速做好报价单及产品资料，客户询价电话及时记录并做好跟单备注。 2、能够独立与客户洽谈、接待并签商务销售合同。 3、能够网上下载资料、独立排版或修改图片文件、打字速度快，文字组织能力较强。 4、文件资料合同归档保存，做事情有条理，工作积极主动，认真负责。 | H100: 6 | I100: 46203 | J100: 张先生 | K100: 19911568966 | L100: 贸易_消费_制造_营运 | M100: 工程机械产业链 | N100: 长沙人才市场
...

Sheet Sheet1
A1: 老百姓大药房连锁股份有限公司
A6: 三一集团重卡事业部
A7: 中建智慧城市服务有限公司
A13: 中国平安人寿保险股份有限公司湖南分公司
A22: 湖南省茶业集团股份有限公司
A27: 湖南嘉合晟贸易有限公司
A29: 长沙市云研教育科技有限公司
A30: 湖南逸星文化传媒有限公司
A32: 湖南伍爱创意文化科技有限公司
A33: 十足集团有限公司
A37: 湖南鼎峰相见信息科技有限公司
A40: 深圳市沃尔核材股份有限公司
... A606: 湖南辰控智能科技有限公司
